Workbook

Sheet PLAN. ORÇAM.
N1: CÁLCULO DO BDI
H2: =SUM(H11:H381) -> 6829747.5 | N2: BDI (%) = 25 - (CD – 1.500.000) 29.700.000
D3: Universidade Estadual do Norte do Paraná - UENP | J3: ORÇAMENTO | N3: =H2 -> 6829747.5
D4: Decreto Estadual n.º3909, Publicado no Diario Oficial do Estado do Paraná em 01/12/08 - CNPJ 08.885.100/0001-54 | J4: Obra: Construção: BLOCO DE SALAS | K4: SALAS | N4: 2400000
D5: Campus Cornélio Procópio - C.Procópios/PR | J5: Local: UENP-Campus Cornélio Procópio | K5: CCP | N5: =SUM(N3:N4) -> 9229747.5
N6: =25-(H2-1500000)/29700000 -> 24.82
J7: Data:30/10/2017 | L7: =SUM(J11:J381) -> 8850000
D8: PLANILHA ORÇAMENTÁRIA | G8: ÁREA | H8: 6197.4 | J8: R$ TOT. c/BDI | K8: =SUM(J10:J381) -> 8850000 | L8: =SUM(K11:K381) -> 8850000 | N8: =25-(H2-1500000)/29700000 -> 24.82
J9: BDI = | K9: =N8/100 -> 0.2482 | O9: =7500000-K8 -> -1350000
B10: COD. | C10: ITEM | D10: DESCRIÇÃO DOS SERVIÇOS | E10: UNID | F10: QUANT. | G10: MAT+MO | H10: R$ UNIT. (s/BDI) | I10: R$ UNIT. c/BDI | J10: R$ TOT. c/BDI | K10: TOTAL ITEM c/BDI
C11: 1 | D11: SERVIÇOS PRELIMINARES | K11: =SUM(J12:J33) -> 442819.04 | L11: =SUM(J12:J33) -> 442819.04 | N11: BDI (%) = 25 - (CD – 1.500.000) 29.700.000
B12: 93208 | C12: 1.1 | D12: EXECUÇÃO DE ALMOXARIFADO EM CANTEIRO DE OBRA EM CHAPA DE MADEIRA COMPENSADA, INCLUSO PRATELEIRAS. AF_02/2016 | E12: m² | F12: 30 | G12: 475.84 | H12: =G12*F12 -> 14275.2 | I12: =G12*(1+$K$9) -> 593.94 | J12: =I12*F12 -> 17818.2
B13: 93212 | C13: 1.1.1 | D13: EXECUÇÃO DE SANITÁRIO E VESTIÁRIO EM CANTEIRO DE OBRA EM CHAPA DE MADE | E13: m² | F13: 20 | G13: 616.3 | H13: =G13*F13 -> 12326 | I13: =G13*(1+$K$9) -> 769.27 | J13: =I13*F13 -> 15385.4
B14: 93210 | C14: 1.1.2 | D14: EXECUÇÃO DE REFEITÓRIO EM CANTEIRO DE OBRA EM CHAPA DE MADEIRA COMPENS | E14: m² | F14: 20 | G14: 347.81 | H14: =G14*F14 -> 6956.2 | I14: =G14*(1+$K$9) -> 434.14 | J14: =I14*F14 -> 8682.8
B15: 90778 | C15: 1.1.3 | D15: ENGENHEIRO CIVIL DE OBRA PLENO COM ENCARGOS COMPLEMENTARES | E15: h | F15: 1440 | G15: 101.7 | J15: =G15*F15 -> 146448
B16: 94295 | C16: 1.1.4 | D16: MESTRE DE OBRAS COM ENCARGOS COMPLEMENTARES MES CR 7.262,68 | E16: MÊS | F16: 16 | G16: 7262.68 | J16: =G16*F16 -> 116202.88
B17: 93563 | C17: 1.1.5 | D17: ALMOXARIFE COM ENCARGOS COMPLEMENTARES | E17: MÊS | F17: 16 | G17: 3758.88 | J17: =G17*F17 -> 60142.08
B18: 95135 | C18: 1.1.6 | D18: LOCACAO DE ANDAIME METALICO TUBULAR TIPO TORRE | E18: m/mês | F18: 600 | G18: =13.47+4.46 -> 17.93 | H18: =G18*F18 -> 10758 | I18: =G18*(1+$K$9) -> 22.38 | J18: =I18*F18 -> 13428
B19: 73859/1 | C19: 1.2 | D19: DESMATAMENTO E LIMPEZA MECANIZADA DE TERRENO COM REMOCAO DE CAMADA VEGETAL,UTILIZANDO TRATOR DE ESTEIRAS | E19: m² | F19: 12000 | G19: 0.17 | H19: =G19*F19 -> 2040 | I19: =G19*(1+$K$9) -> 0.21 | J19: =I19*F19 -> 2520
B20: 89957 | C20: 1.3 | D20: PONTO DE CONSUMO TERMINAL DE ÁGUA FRIA (SUBRAMAL) COM TUBULAÇÃO DE PVC, DN 25 MM, | E20: un. | F20: 1 | G20: 300 | H20: =G20*F20 -> 300 | I20: =G20*(1+$K$9) -> 374.46 | J20: =I20*F20 -> 374.46
B21: 93144 | C21: 1.4 | D21: PONTO DE UTILIZAÇÃO DE EQUIPAMENTOS ELÉTRICOS, RESIDENCIAL, INCLUINDO SUPORTE E PLACA, CAIXA ELÉTRICA, ELETRODUTO, CABO, RASGO, QUEBRA E CHUMBAMENTO. AF_01/2016 | E21: un. | F21: 1 | G21: 300 | H21: =G21*F21 -> 300 | I21: =G21*(1+$K$9) -> 374.46 | J21: =I21*F21 -> 374.46
B22: 74209/1 | C22: 1.5 | D22: PLACA DE OBRA EM CHAPA DE ACO GALVANIZADO M2 286,67 37,18 323,85 | E22: m² | F22: 3 | G22: 323.77 | H22: =G22*F22 -> 971.31 | I22: =G22*(1+$K$9) -> 404.13 | J22: =I22*F22 -> 1212.39
C23: 1.6 | D23: LOCACAO DE OBRA, ATRAVÉS DE GABARITO DE TABUAS CORRIDAS COM REAPROVEITAMENTOS (6.197,0m²)
B24: 10567 | C24: 1.7 | D24: TABUA MADEIRA 3A QUALIDADE 2,5 X 23,0CM (1 X 9") NAO APARELHADA | E24: m | F24: 1000 | G24: 7.1 | H24: =G24*F24 -> 7100 | I24: =G24*(1+$K$9) -> 8.86 | J24: =I24*F24 -> 8860
B25: 4496 | C25: 1.8 | D25: CAIBRO DE MADEIRA NATIVA/REGIONAL 5 X 5 CM NAO APARELHADA (P/FORMA) | E25: m | F25: 600 | G25: 4 | H25: =G25*F25 -> 2400 | I25: =G25*(1+$K$9) -> 4.99 | J25: =I25*F25 -> 2994
B26: 95463 | C26: 1.9 | D26: FOSSA SÉPTICA EM ALVENARIA DE TIJOLO CERÂMICO MACIÇO, DIMENSÕES EXTERNAS DE 1,90X1,10X1,40 M, VOLUME DE 1.500 LITROS, REVESTIDO INTERNAMENTE COM MASSA ÚNICA E IMPERMEABILIZANTE E COM TAMPA DE CONCRETO ARMADO COM ESPESSURA DE 8 CM UN 796,23 528,61 1.324,84 | E26: un. | F26: 1 | G26: 1324.84 | H26: =G26*F26 -> 1324.84 | I26: =G26*(1+$K$9) -> 1653.67 | J26: =I26*F26 -> 1653.67
B27: 74198/1 | C27: 1.10 | D27: SUMIDOURO EM ALVENARIA DE TIJOLO CERAMICO MACICO DIAMETRO 1,20M E ALTURA 5,00M,COM TAMPA EM CONCRETO ARMADO DIAMETRO 1,40M E ESPESSURA 10CMUN 619,05 578,03 1.197,08 | E27: un. | F27: 2 | G27: 1197.08 | H27: =G27*F27 -> 2394.16 | I27: =G27*(1+$K$9) -> 1494.2 | J27: =I27*F27 -> 2988.4
D28: TUBULAÇÃO [DESVIO DE ESGOTO] = (210 M LINEAR) + 9 CX DE PASSAGEM
B29: 79480 | C29: 1.11 | D29: 79480 ESCAVACAO MECANICA CAMPO ABERTO EM SOLO EXCETO ROCHA ATE 2,00M PROFUNDIDADE M3 2,55 0,24 2,79 | E29: m³ | F29: 80 | G29: 2.8 | H29: =G29*F29 -> 224 | I29: =G29*(1+$K$9) -> 3.49 | J29: =I29*F29 -> 279.2
B30: 74104/1 | C30: 1.12 | D30: CAIXA DE INSPEÇÃO EM ALVENARIA DE TIJOLO MACIÇO 60X60X60CM, REVESTIDA INTERNAMENTO COM BARRA LISA (CIMENTO E AREIA, TRAÇO 1:4) E=2,0CM, COM TAMPA PRÉ-MOLDADA DE CONCRETO E FUNDO DE CONCRETO 15MPA TIPO C - ESCAVAÇÃO E CONFECÇÃO | E30: un. | F30: 10 | G30: 137.13 | H30: =G30*F30 -> 1371.3 | I30: =G30*(1+$K$9) -> 171.17 | J30: =I30*F30 -> 1711.7
B31: 89714 | C31: 1.13 | D31: TUBO PVC, SERIE NORMAL, ESGOTO PREDIAL, DN 100 MM, FORNECIDO E INSTALADO | E31: m | F31: 210 | G31: 46.26 | H31: =G31*F31 -> 9714.6 | I31: =G31*(1+$K$9) -> 57.74 | J31: =I31*F31 -> 12125.4
B32: 93362 | C32: 1.14 | D32: REATERRO MECANIZADO DE VALA COM ESCAVADEIRA HIDRÁULICA (CAPACIDADE DA CAÇAMBA: 0,8 M³ / POTÊNCIA: 111 HP), LARGURA DE 1,5 A 2,5 M, PROFUNDIDADE DE 1,5 A 3,0 M | E32: m³ | F32: 62.5 | G32: 8.59 | H32: =G32*F32 -> 536.88 | I32: =G32*(1+$K$9) -> 10.72 | J32: =I32*F32 -> 670
B33: 74220/001 | C33: 1.15 | D33: TAPUME DE CHAPA DE MADEIRA COMPENSADA, E= 6MM, COM PINTURA A CAL E REAPROVEITAMENTO 2X | E33: m² | F33: 400 | G33: 57.98 | H33: =G33*F33 -> 23192 | I33: =G33*(1+$K$9) -> 72.37 | J33: =I33*F33 -> 28948
C34: 2 | D34: MOVIMENTO DE TERRA | K34: =SUM(J35:J37) -> 49380 | L34: =SUM(J35:J37) -> 49380
B35: 74155/2 | C35: 2.1 | D35: ESCAVACAO E TRANSPORTE DE MATERIAL DE 2A CAT DMT 50M COM TRATOR SOBRE ESTEIRAS 347 HP COM LAMINA E ESCARIFICADOR | E35: m³ | F35: 6000 | G35: 3.92 | H35: =G35*F35 -> 23520 | I35: =G35*(1+$K$9) -> 4.89 | J35: =I35*F35 -> 29340
B36: 74153/001 | D36: 74153/001 ESPALHAMENTO MECANIZADO (COM MOTONIVELADORA 140 HP) MATERIAL 1A. CATEG M2 CR 0,22 | E36: m² | F36: =200*100 -> 20000 | G36: 0.22 | H36: =G36*F36 -> 4400 | I36: =G36*(1+$K$9) -> 0.27 | J36: =I36*F36 -> 5400
B37: 41722 | C37: 2.2 | D37: COMPACTACAO MECANICA A 100% DO PROCTOR NORMAL - PAVIMENTACAO URBANA | E37: m³ | F37: 3000 | G37: 3.91 | H37: =G37*F37 -> 11730 | I37: =G37*(1+$K$9) -> 4.88 | J37: =I37*F37 -> 14640
B39: COMP 1 | C39: 3 | D39: GALPÃO COBERTO | H39: =G39*F39 -> 0 | I39: =G39*(1+$K$9) -> 0 | J39: =I39*F39 -> 0 | K39: =SUM(J39:J53) -> 3143798.7 | L39: =SUM(J39:J53) -> 3143798.7
D40: FUNDAÇÃO EM SAPATA RASA
B41: 89949 | C41: 3.1 | D41: 89949 ESCAVAÇÃO VERTICAL A CÉU ABERTO, INCLUINDO CARGA, DESCARGA E TRANSPORT M3 | E41: m³ | F41: 500 | G41: 13.24 | H41: =G41*F41 -> 6620 | I41: =G41*(1+$K$9) -> 16.53 | J41: =I41*F41 -> 8265
B42: 73990/001 | C42: 3.2 | D42: ARMACAO ACO CA-50 P/1,0M3 DE CONCRETO | E42: m³ | F42: =65+47 -> 112 | G42: 483.76 | H42: =G42*F42 -> 54181.12 | I42: =G42*(1+$K$9) -> 603.83 | J42: =I42*F42 -> 67628.96
B43: 92721 | C43: 3.3 | D43: CONCRETAGEM DE SAPATA, FCK = 20 MPA | E43: m³ | F43: =65.1+46.4 -> 111.5 | G43: 273.9 | H43: =G43*F43 -> 30539.85 | I43: =G43*(1+$K$9) -> 341.88 | J43: =I43*F43 -> 38119.62
B44: 93360 | C44: 3.4 | D44: 93360 REATERRO MECANIZADO DE VALA COM ESCAVADEIRA HIDRÁULICA (CAPACIDADE DA M3 AS 14,64 | E44: m³ | F44: 500 | G44: 13.24 | H44: =G44*F44 -> 6620 | I44: =G44*(1+$K$9) -> 16.53 | J44: =I44*F44 -> 8265
D46: TESOURAS DA COBERTURA EM AÇO, COMPOSTO DE VIGAS U E CANTONEIRAS
D47: TELHMENTO EM TELHA DE AÇO/AÇO, COM MIOLO DE ISOPOR, E=3CM, COM TELHA PRE PINTADA NA FACE SUPERIOR
D48: PARA FECHAMENTO DOS EITÕES, BEIRAL E PAINEIS, A TELHA SERÁ DO MESMO MODELO, PRÉ PINTADA , UMA FACE, SEM ISOPOR.
B49: COMP 1A | C49: 3.5 | D49: ESTRUTURA PRE MOLDADA DE CONCRETO ARMADO E COBERTURA METÁLICA COM TELHA DE AÇO DUPLO, COM MIOLO DE ISOPOR, TELHA PRÉ PINTADA NA FACE SUPERIOR | E49: m² | F49: 6585 | G49: 330 | H49: =G49*F49 -> 2173050 | I49: =G49*(1+$K$9) -> 411.91 | J49: =I49*F49 -> 2712427.4
B50: COMP 1 | C50: 3.6 | D50: FORRO DO BEIRAL, FORRO DA ÁREA EXTERNA, FECHAMENTOS VERTICAIS INTERNOS (TESOURAS) | E50: m² | F50: 2463.5 | G50: 30 | H50: =G50*F50 -> 73905 | I50: =G50*(1+$K$9) -> 37.45 | J50: =I50*F50 -> 92258.08
B51: 74106 | C51: 3.7 | D51: IMPERMEABILIZAÇÃO DAS VIGAS BALDRAME - 74106 IMPERMEAB. DE FUNDACOES/BALDRAMES/MUROS DE ARRIMO/ALICERCES E REVEST.EM CONTATO C/SOLO - UTILIZ. TINTA BETUMINOSA TIPO NEUTROLIN / 2DEMAOS 74106/001 IMPERMEABILIZACAO DE ESTRUTURAS ENTERRADAS, COM TINTA ASFALTICA, DUAS M2 CR 9,96 | E51: m² | F51: 2128 | G51: 30 | H51: =G51*F51 -> 63840 | I51: =G51*(1+$K$9) -> 37.45 | J51: =I51*F51 -> 79693.6
B52: 94227 | C52: 3.8 | D52: CALHA - 94227 CALHA EM CHAPA DE AÇO GALVANIZADO NÚMERO 24, DESENVOLVIMENTO DE 33 CM, M CR 37,03 | E52: m | F52: 15 | G52: 37.03 | H52: =G52*F52 -> 555.45 | I52: =G52*(1+$K$9) -> 46.22 | J52: =I52*F52 -> 693.3
B53: 94231 | C53: 3.9 | D53: RUFO -94231 RUFO EM CHAPA DE AÇO GALVANIZADO NÚMERO 24, CORTE DE 25 CM, INCLUSO TR M CR 25,66 | E53: m | F53: 2130 | G53: =25.66*2 -> 51.32 | H53: =G53*F53 -> 109311.6 | I53: =G53*(1+$K$9) -> 64.06 | J53: =I53*F53 -> 136447.8
N54: 94231 RUFO EM CHAPA DE AÇO GALVANIZADO NÚMERO 24, CORTE DE 25 CM, INCLUSO TR M CR 25,66
C55: 4 | D55: ATERRO E CONTRAPISO INTERNO | K55: =SUM(J56:J61) -> 332824 | L55: =SUM(J56:J61) -> 332824 | N55: ANSPORTE VERTICAL. AF_06/2016
B56: 74154/1 | C56: 4.1 | D56: ESCAVACAO, CARGA E TRANSPORTE DE MATERIAL DE 1A CATEGORIA COM TRATOR SOBRE ESTEIRAS 347 HP E CACAMBA 6M3, DMT 50 A 200M | E56: m³ | F56: 1860 | G56: 4.85 | H56: =G56*F56 -> 9021 | I56: =G56*(1+$K$9) -> 6.05 | J56: =I56*F56 -> 11253
B57: 74034/1 | C57: 4.2 | D57: ESPALHAMENTO DE MATERIAL DE 1A CATEGORIA COM TRATOR DE ESTEIRA COM 153HP M3 1,83 0,27 2,10 | E57: m³ | F57: =F56 -> 1860 | G57: 2.1 | H57: =G57*F57 -> 3906 | I57: =G57*(1+$K$9) -> 2.62 | J57: =I57*F57 -> 4873.2
B58: 74005/1 | C58: 4.3 | D58: COMPACTACAO MECANICA, SEM CONTROLE DO GC (C/COMPACTADOR PLACA 400 KG) | E58: m³ | F58: =F57 -> 1860 | G58: 4.79 | H58: =G58*F58 -> 8909.4 | I58: =G58*(1+$K$9) -> 5.98 | J58: =I58*F58 -> 11122.8
B59: 73994/1 | D59: ARMAÇÃO DO CONTRAPISO COM MALHA AÇO CA60 | E59: kg | F59: 4960 | G59: 5.61 | H59: =G59*F59 -> 27825.6 | I59: =G59*(1+$K$9) -> 7 | J59: =I59*F59 -> 34720
B60: 88478 | C60: 4.4. | D60: ARMACAO EM AÇO, ACO CA-60, 4,2MM, MALHA 20X20CM (ARMAÇÃO DO CONTRAPISO) | E60: m² | F60: 4500 | G60: 23.58 | H60: =G60*F60 -> 106110 | I60: =G60*(1+$K$9) -> 29.43 | J60: =I60*F60 -> 132435
B61: 88472 | C61: 4.4. | D61: CONTRAPISO AUTONIVELANTE, ESPESSURA 5 CM | E61: m² | F61: 4500 | G61: 24.64 | H61: =G61*F61 -> 110880 | I61: =G61*(1+$K$9) -> 30.76 | J61: =I61*F61 -> 138420
C63: 5 | D63: CASA DOS RESERVATÓRIOS | K63: =SUM(J64:J78) -> 75330.23 | L63: =SUM(J64:J78) -> 75330.23
D64: ESTRUTURA DA CASA DO RESERVATÓRIO (4x7,5)m²+ (6,4x7,4)m² = 77,5m2
D65: ESCVAÇÃO PARA FUNDAÇÃO
B66: 79475 | C66: 5.1 | D66: ESCAVAÇÃO MANUAL DE VALAS. AF_03/2016 | E66: m³ | F66: 15.6 | G66: 64.19 | H66: =G66*F66 -> 1001.36 | I66: =G66*(1+$K$9) -> 80.12 | J66: =I66*F66 -> 1249.87
B67: 92792 | C67: 5.2 | D67: CORTE E DOBRA DE AÇO CA-50, DIÂMETRO DE 6.3 MM, UTILIZADO EM ESTRUTURAS DIVERSAS | E67: kg | F67: 39 | G67: 7.06 | H67: =G67*F67 -> 275.34 | I67: =G67*(1+$K$9) -> 8.81 | J67: =I67*F67 -> 343.59
B68: 94970 | C68: 5.3 | D68: CONCRETO FCK = 20MPA, TRAÇO 1:2,7:3 (CIMENTO/ AREIA MÉDIA/ BRITA 1) - PREPARO MECÂNICO COM BETONEIRA 600 L. AF_07/2016 [FUNDAÇÃO] | E68: m³ | F68: 5.2 | G68: 286.5 | H68: =G68*F68 -> 1489.8 | I68: =G68*(1+$K$9) -> 357.61 | J68: =I68*F68 -> 1859.57
B69: 74157/4 | C69: 5.4 | D69: LANCAMENTO/APLICACAO MANUAL DE CONCRETO EM FUNDACOES | E69: m³ | F69: =F68 -> 5.2 | G69: 107.78 | H69: =G69*F69 -> 560.46 | I69: =G69*(1+$K$9) -> 134.53 | J69: =I69*F69 -> 699.56
B70: 92431 | C70: 5.5 | D70: MONTAGEM E DESMONTAGEM DE FÔRMA DE PILARES RETANGULARES E ESTRUTURAS SIMILARES COM ÁREA MÉDIA DAS SEÇÕES MAIOR QUE 0,25 M², PÉ-DIREITO SIMPLES, EM CHAPA DE MADEIRA COMPENSADA PLASTIFICADA, 10 UTILIZAÇÕES. AF_12/2015 M2 19,81 14,34 34,15 | E70: m² | F70: =288/4 -> 72 | G70: 34.15 | H70: =G70*F70 -> 2458.8 | I70: =G70*(1+$K$9) -> 42.63 | J70: =I70*F70 -> 3069.36
B71: 92778 | C71: 5.6 | D71: ARMAÇÃO DE PILAR OU VIGA DE UMA ESTRUTURA CONVENCIONAL DE CONCRETO ARMADO EM UMA EDIFÍCAÇÃO TÉRREA OU SOBRADO UTILIZANDO AÇO CA-50 DE 10.0 MM - MONTAGEM. KG 4,74 3,42 8,16 | E71: kg | F71: =155+38+165+303+351+155+250+1200 -> 2617 | G71: 8.16 | H71: =G71*F71 -> 21354.72 | I71: =G71*(1+$K$9) -> 10.19 | J71: =I71*F71 -> 26667.23
B72: 74202/2 | C72: 5.7 | D72: LAJE PRE-MOLDADA P/PISO, SOBRECARGA 400KG/M2, VAOS ATE 3,50M/E=8CM, C/LAJOTAS E CAP.C/CONC FCK=20MPA, 4CM, INTER-EIXO 38CM, C/ESCORAMENTO (REAPR.3X) E FERRAGEM | E72: m² | F72: 77.5 | G72: 75 | H72: =G72*F72 -> 5812.5 | I72: =G72*(1+$K$9) -> 93.62 | J72: =I72*F72 -> 7255.55
B73: 94971 | C73: 5.8 | D73: CONCRETO FCK = 25MPA, TRAÇO 1:2,3:2,7 (CIMENTO/ AREIA MÉDIA/ BRITA 1) - PREPARO MECÂNICO COM BETONEIRA 600 L. | E73: m³ | F73: 5.2 | G73: 306.69 | H73: =G73*F73 -> 1594.79 | I73: =G73*(1+$K$9) -> 382.81 | J73: =I73*F73 -> 1990.61
B74: 74157/4 | C74: 5.9 | D74: LANCAMENTO/APLICACAO MANUAL DE CONCRETO | E74: m³ | F74: =F73 -> 5.2 | G74: 107.78 | H74: =G74*F74 -> 560.46 | I74: =G74*(1+$K$9) -> 134.53 | J74: =I74*F74 -> 699.56
B75: 89977 | C75: 5.10 | D75: ALVENARIA DE VEDAÇÃO DE BLOCOS CERÂMICOS FURADOS NA HORIZONTAL DE 14X9X19CM (ESPESSURA 14CM, BLOCO DEITADO) DE PAREDES COM ÁREA LÍQUIDA MAIOR OU IGUAL A 6M² SEM VÃOS E ARGAMASSA DE ASSENTAMENTO COM PREPARO EM BETONEIRA. AF_06/2014 | E75: m² | F75: 155 | G75: 110.82 | H75: =G75*F75 -> 17177.1 | I75: =G75*(1+$K$9) -> 138.33 | J75: =I75*F75 -> 21441.15
B76: 74202/1 | C76: 5.11 | D76: LAJE PRE-MOLDADA P/FORRO, SOBRECARGA 100KG/M2, VAOS ATE 3,50M/E=8CM, C/LAJOTAS E CAP.C/CONC FCK=20MPA, 3CM, INTER-EIXO 38CM, C/ESCORAMENTO CAP.C/CONC FCK=20MPA, 3CM, INTER-EIXO 38CM, C/ESCORAMENTO (REAPR.3X) E FERRAGEM(REAPR.3X) E FERRAGEM | E76: m² | F76: =F72 -> 77.5 | G76: 60.06 | H76: =G76*F76 -> 4654.65 | I76: =G76*(1+$K$9) -> 74.97 | J76: =I76*F76 -> 5810.18
C77: 5.12 | D77: IMPERMEABILIZAÇÃO DA LAJE DA CASA DO RESERVATÓRIO
B78: 83731 | C78: 5.13 | D78: IMPERMEABILIZACAO DE SUPERFICIE COM ARGAMASSA DE CIMENTO E AREIA, TRACO 1:3, COM ADITIVO IMPERMEABILIZANTE, E=3 CM | E78: m² | F78: 80 | G78: 42.5 | H78: =G78*F78 -> 3400 | I78: =G78*(1+$K$9) -> 53.05 | J78: =I78*F78 -> 4244
C80: 6 | D80: PAREDES E BANCADAS | K80: =SUM(J81:J90) -> 901103.61 | L80: =SUM(J80:J90) -> 901103.61 | O80: =7500000-K8 -> -1350000
B81: 87509 | C81: 6.1 | D81: (COMPOSIÇÃO REPRESENTATIVA) DO SERVIÇO DE ALVENARIA DE VEDAÇÃO DE BLOCOS VAZADOS DE CERÂMICA DE 9X19X19CM (ESPESSURA 14CM), PARA EDIFICAÇÃO HABITACIONAL UNIFAMILIAR (CASA) E EDIFICAÇÃO PÚBLICA PADRÃO. AF_11/2014 | E81: m² | F81: 3370 | G81: 110.82 | H81: =G81*F81 -> 373463.4 | I81: =G81*(1+$K$9) -> 138.33 | J81: =I81*F81 -> 466172.1 | N81: =2980+600 -> 3580
B82: 87509 | C82: 6.2 | D82: ALVENARIA DE VEDAÇÃO DE BLOCOS CERÂMICOS FURADOS NA HORIZONTAL DE 14X9X19CM (ESPESSURA 9CM, BLOCO DEITADO) DE PAREDES COM ÁREA LÍQUIDA MAIOR OU IGUAL A 6M² SEM VÃOS E ARGAMASSA DE ASSENTAMENTO COM PREPARO EM BETONEIRA. AF_06/2014 | E82: m² | F82: 1460 | G82: 62.54 | H82: =G82*F82 -> 91308.4 | I82: =G82*(1+$K$9) -> 78.06 | J82: =I82*F82 -> 113967.6
D85: PAREDE EM GESSO ACARTONADO | E85: m² | F85: 1120 | G85: 62.54 | H85: =G85*F85 -> 70044.8 | I85: =G85*(1+$K$9) -> 78.06 | J85: =I85*F85 -> 87427.2
B86: COMP 2 | C86: 6.3 | D86: PAREDE EM DIVISÓRIA SANITÁRIA | E86: m² | F86: 241 | G86: 120 | H86: =G86*F86 -> 28920 | I86: =G86*(1+$K$9) -> 149.78 | J86: =I86*F86 -> 36096.98
B87: COMP 2 | C87: 6.4 | D87: PORTA PARA PAREDE GESSO ACARTONADO | E87: pç | F87: 15 | G87: 423.35 | H87: =G87*F87 -> 6350.25 | I87: =G87*(1+$K$9) -> 528.43 | J87: =I87*F87 -> 7926.45
B88: 84162 | C88: 6.5 | D88: RODAPÉ DE MADEIRA PARA PAREDE DE GESSO ACARTONADO | E88: m | F88: 630 | G88: 11.19 | H88: =G88*F88 -> 7049.7 | I88: =G88*(1+$K$9) -> 13.97 | J88: =I88*F88 -> 8801.1
B89: COMP 2 | C89: 6.6 | D89: PORTA PARA PAREDE DIVISÓRIA SANITÁRIA | E89: pç | F89: 40 | G89: 423.35 | H89: =G89*F89 -> 16934 | I89: =G89*(1+$K$9) -> 528.43 | J89: =I89*F89 -> 21137.2
B90: COMP 2 | C90: 6.7 | D90: BANCADAS EM TAMPO DE GRANITO | E90: pç | F90: 62 | G90: 2062 | H90: =G90*F90 -> 127844 | I90: =G90*(1+$K$9) -> 2573.79 | J90: =I90*F90 -> 159574.98
C92: 7 | D92: ESGOTO e DRENAGEM | K92: =SUM(J94:J114) -> 47745.05
D93: CAIXA DE INSPEÇÃO EM ALVENARIA DE TIJOLO MACIÇO 60X60X60CM, REVESTIDA INTERNAMENTO COM BARRA LISA (CIMENTO E AREIA, TRAÇO 1:4) E=2,0CM, COM TAMPA PRÉ-MOLDADA DE CONCRETO E FUNDO DE CONCRETO 15MPA TIPO C - ESCAVAÇÃO E CONFECÇÃO | L93: =SUM(J94:J114) -> 47745.05
B94: 74104/1 | C94: 7.1 | D94: JOELHO 90 GRAUS, PVC, SERIE NORMAL, ESGOTO PREDIAL, DN 40 MM, JUNTA SOLDÁVEL, FORNECIDO E INSTALADO EM RAMAL DE DESCARGA OU RAMAL DE ESGOTO SANITÁRIO. AF_12/2014 | E94: un. | F94: 34 | G94: 137.13 | H94: =G94*F94 -> 4662.42 | I94: =G94*(1+$K$9) -> 171.17 | J94: =I94*F94 -> 5819.78
B95: 89724 | C95: 7.2 | D95: JOELHO 90 GRAUS, PVC, SERIE NORMAL, ESGOTO PREDIAL, DN 50 MM, JUNTA ELÁSTICA,FORNECIDO E INSTALADO EM RAMAL DE DESCARGA OU RAMAL DE ESGOTO SANITÁRIO. AF_12/2014 | E95: un. | F95: =75+35 -> 110 | G95: 6.31 | H95: =G95*F95 -> 694.1 | I95: =G95*(1+$K$9) -> 7.88 | J95: =I95*F95 -> 866.8
B96: 89731 | C96: 7.3 | D96: JOELHO 45 GRAUS, PVC, SERIE NORMAL, ESGOTO PREDIAL, DN 40 MM, JUNTA SOLDÁVEL, FORNECIDO E INSTALADO EM RAMAL DE DESCARGA OU RAMAL DE ESGOTO SANITÁRIO. AF_12/2014 | E96: un. | F96: 124 | G96: 8.18 | H96: =G96*F96 -> 1014.32 | I96: =G96*(1+$K$9) -> 10.21 | J96: =I96*F96 -> 1266.04
B97: 89726 | C97: 7.4 | D97: JOELHO 45 GRAUS, PVC, SERIE NORMAL, ESGOTO PREDIAL, DN 50 MM, JUNTA SOLDÁVEL, FORNECIDO E INSTALADO EM RAMAL DE DESCARGA OU RAMAL DE ESGOTO SANITÁRIO. AF_12/2014 | E97: un. | F97: 1 | G97: 7.65 | H97: =G97*F97 -> 7.65 | I97: =G97*(1+$K$9) -> 9.55 | J97: =I97*F97 -> 9.55
B98: 89726 | C98: 7.5 | D98: JOELHO 45 GRAUS, PVC, SERIE NORMAL, ESGOTO PREDIAL, DN 100 MM, JUNTA ELÁSTICA, FORNECIDO E INSTALADO EM RAMAL DE DESCARGA OU RAMAL DE ESGOTO SANITÁRIO. AF_12/2014 | E98: un. | F98: 31 | G98: 8.18 | H98: =G98*F98 -> 253.58 | I98: =G98*(1+$K$9) -> 10.21 | J98: =I98*F98 -> 316.51
B99: 89746 | C99: 7.6 | D99: Joelho 90 c/ visita 100 mm - 50 mm FORNECIDO E INSTALADO EM RAMAL DE DESCARGA OU RAMAL DE ESGOTO SANITÁRIO. AF_12/2014 | E99: un. | F99: 12 | G99: 18.81 | H99: =G99*F99 -> 225.72 | I99: =G99*(1+$K$9) -> 23.48 | J99: =I99*F99 -> 281.76
B100: 89797 | C100: 7.7 | D100: JUNÇÃO SIMPLES, PVC, SERIE NORMAL, ESGOTO PREDIAL, DN 50 X 50 MM, JUNTA ELÁSTICA, | E100: un. | F100: 15 | G100: 35.52 | H100: =G100*F100 -> 532.8 | I100: =G100*(1+$K$9) -> 44.34 | J100: =I100*F100 -> 665.1
B101: 89785 | C101: 7.8 | D101: LUVA SIMPLES, PVC, SERIE NORMAL, ESGOTO PREDIAL, DN 40 MM, JUNTA ELÁSTICA, FORNECIDO E | E101: un. | F101: 1 | G101: 15.59 | H101: =G101*F101 -> 15.59 | I101: =G101*(1+$K$9) -> 19.46 | J101: =I101*F101 -> 19.46
B102: 89813 | C102: 7.9 | D102: LUVA SIMPLES, PVC, SERIE NORMAL, ESGOTO PREDIAL, DN 50 MM, JUNTA ELÁSTICA, FORNECIDO E | E102: un. | F102: 140 | G102: 4.09 | H102: =G102*F102 -> 572.6 | I102: =G102*(1+$K$9) -> 5.11 | J102: =I102*F102 -> 715.4
B103: 89813 | C103: 7.10 | D103: LUVA SIMPLES, PVC, SERIE NORMAL, ESGOTO PREDIAL, DN1000 MM, JUNTA ELÁSTICA, FORNECIDO E | E103: un. | F103: 232 | G103: 7 | H103: =G103*F103 -> 1624 | I103: =G103*(1+$K$9) -> 8.74 | J103: =I103*F103 -> 2027.68
B104: 89813 | C104: 7.11 | D104: 73888/3 ASSENTAMENTO TUBO PVC COM JUNTA ELASTICA, DN 100 MM - (OU RPVC, OU PVC DEFOFO) | E104: un. | F104: 130 | G104: 9 | H104: =G104*F104 -> 1170 | I104: =G104*(1+$K$9) -> 11.23 | J104: =I104*F104 -> 1459.9
B105: 73888/3 | C105: 7.12 | D105: 73888/1 ASSENTAMENTO TUBO PVC COM JUNTA ELASTICA, DN 50 MM - (OU RPVC, OU PVC DEFOFO, OU M 0,50 1,25 1,75 | E105: m | F105: =692+10 -> 702 | G105: 10 | H105: =G105*F105 -> 7020 | I105: =G105*(1+$K$9) -> 12.48 | J105: =I105*F105 -> 8760.96
B106: 73888/1 | C106: 7.13 | D106: 73888/1 ASSENTAMENTO TUBO PVC COM JUNTA ELASTICA, DN 40 MM - (OU RPVC, OU PVC DEFOFO, OU M 0,50 1,25 1,75 | E106: m | F106: 300 | G106: 1.75 | H106: =G106*F106 -> 525 | I106: =G106*(1+$K$9) -> 2.18 | J106: =I106*F106 -> 654
B107: 73888/1 | C107: 7.14 | D107: TE, PVC, SERIE NORMAL, ESGOTO PREDIAL, DN 100 X 100 MM, JUNTA ELÁSTICA, FORNECIDO E INSTALADO EM PRUMADA DE ESGOTO SANITÁRIO OU VENTILAÇÃO. AF_12/2014 | E107: m | F107: 165 | G107: 1.75 | H107: =G107*F107 -> 288.75 | I107: =G107*(1+$K$9) -> 2.18 | J107: =I107*F107 -> 359.7
...

Sheet CRONOGRAMA
B1: Universidade Estadual do Norte do Paraná - UENP
B2: Decreto Estadual n.º3909, Publicado no Diario Oficial do Estado do Paraná em 01/12/08
B3: Campus Cornélio Procópio - C.Procópio/PR
A6: CRONOGRAMA FÍSICO-FINANCEIRO
A7: OBRA | B7: BLOCO SALAS DE PESQ.DOS PROFESSORES | D7: AREA CONSTRUIDA: | F7: ='PLAN. ORÇAM.'!H8 -> 6197.4
A8: LOCAL | B8: UENP-CORNÉLIO PRODÓPIO | D8: VALOR DA OBRA: | F8: =C34 -> 8850000
A10: ITEM | B10: DESCRIÇÃO DOS SERVIÇOS | C10: VALOR DOS | D10: SERVIÇOS A EXECUTAR-EM %
D11: MEDIÇÃO 1 | G11: MEDIÇÃO 2 | J11: MEDIÇÃO 3 | M11: MEDIÇÃO 4 | P11: MEDIÇÃO 5 | S11: MEDIÇÃO 6 | V11: MEDIÇÃO 7 | Y11: MEDIÇÃO 8 | AB11: MEDIÇÃO 9 | AE11: MEDIÇÃO 10 | AH11: MEDIÇÃO 11 | AK11: MEDIÇÃO 12 | AN11: MEDIÇÃO 13 | AQ11: MEDIÇÃO 14 | AT11: MEDIÇÃO 15 | AW11: MEDIÇÃO 16 | AZ11: MEDIÇÃO 17 | BC11: MEDIÇÃO 18
C12: SERVIÇOS(R$) | D12: % EXECUTADA | E12: VALOR | F12: % ACUMULADA | G12: % EXECUTADA | H12: VALOR | I12: % ACUMULADA | J12: % EXECUTADA | K12: VALOR | L12: % ACUMULADA | M12: % EXECUTADA | N12: VALOR | O12: % ACUMULADA | P12: % EXECUTADA | Q12: VALOR | R12: % ACUMULADA | S12: % EXECUTADA | T12: VALOR | U12: % ACUMULADA | V12: % EXECUTADA | W12: VALOR | X12: % ACUMULADA | Y12: % EXECUTADA | Z12: VALOR | AA12: % ACUMULADA | AB12: % EXECUTADA | AC12: VALOR | AD12: % ACUMULADA | AE12: % EXECUTADA | AF12: VALOR | AG12: % ACUMULADA | AH12: % EXECUTADA | AI12: VALOR | AJ12: % ACUMULADA | AK12: % EXECUTADA | AL12: VALOR | AM12: % ACUMULADA | AN12: % EXECUTADA | AO12: VALOR | AP12: % ACUMULADA | AQ12: % EXECUTADA | AR12: VALOR | AS12: % ACUMULADA | AT12: % EXECUTADA | AU12: VALOR | AV12: % ACUMULADA | AW12: % EXECUTADA | AX12: VALOR | AY12: % ACUMULADA | AZ12: % EXECUTADA | BA12: VALOR | BB12: % ACUMULADA | BC12: % EXECUTADA | BD12: VALOR | BE12: % ACUMULADA
A13: 1 | B13: =VLOOKUP(A13,'PLAN. ORÇAM.'!C11:K380,2) -> SERVIÇOS PRELIMINARES | C13: =VLOOKUP(A13,'PLAN. ORÇAM.'!C11:K380,9) -> 442819.04 | D13: 0.07 | E13: =D13*$C13 -> 30997.33 | F13: 0.06 | G13: 0.07 | H13: =G13*$C13 -> 30997.33 | I13: =G13+F13 -> 0.13 | J13: 0.07 | K13: =J13*$C13 -> 30997.33 | L13: =J13+I13 -> 0.2 | M13: 0.07 | N13: =M13*$C13 -> 30997.33 | O13: =M13+L13 -> 0.27 | P13: 0.07 | Q13: =P13*$C13 -> 30997.33 | R13: =P13+O13 -> 0.34 | S13: 0.06 | T13: =S13*$C13 -> 26569.14 | U13: =S13+R13 -> 0.4 | V13: 0.06 | W13: =V13*$C13 -> 26569.14 | X13: =V13+U13 -> 0.46 | Y13: 0.06 | Z13: =Y13*$C13 -> 26569.14 | AA13: =Y13+X13 -> 0.52 | AB13: 0.06 | AC13: =AB13*$C13 -> 26569.14 | AD13: =AB13+AA13 -> 0.58 | AE13: 0.06 | AF13: =AE13*$C13 -> 26569.14 | AG13: =AE13+AD13 -> 0.64 | AH13: 0.06 | AI13: =AH13*$C13 -> 26569.14 | AJ13: =AH13+AG13 -> 0.7 | AK13: 0.06 | AL13: =AK13*$C13 -> 26569.14 | AM13: =AK13+AJ13 -> 0.76 | AN13: 0.06 | AO13: =AN13*$C13 -> 26569.14 | AP13: =AN13+AM13 -> 0.82 | AQ13: 0.06 | AR13: =AQ13*$C13 -> 26569.14 | AS13: =AQ13+AP13 -> 0.88 | AT13: 0.06 | AU13: =AT13*$C13 -> 26569.14 | AV13: =AT13+AS13 -> 0.94 | AW13: 0.06 | AX13: =AW13*$C13 -> 26569.14 | AY13: =AW13+AV13 -> 1 | BA13: =AZ13*$C13 -> 0 | BB13: =AZ13+AY13 -> 1 | BD13: =BC13*$C13 -> 0 | BE13: =BC13+BB13 -> 1
A14: 2 | B14: =VLOOKUP(A14,'PLAN. ORÇAM.'!C12:K384,2) -> MOVIMENTO DE TERRA | C14: =VLOOKUP(A14,'PLAN. ORÇAM.'!C12:K384,9) -> 49380 | D14: 0.7 | E14: =D14*C14 -> 34566 | F14: =D14 -> 0.7 | G14: 0.3 | H14: =G14*$C14 -> 14814 | I14: =G14+F14 -> 1 | K14: =J14*$C14 -> 0 | L14: =J14+I14 -> 1 | N14: =M14*$C14 -> 0 | O14: =M14+L14 -> 1 | Q14: =P14*$C14 -> 0 | R14: =P14+O14 -> 1 | T14: =S14*$C14 -> 0 | U14: =S14+R14 -> 1 | W14: =V14*$C14 -> 0 | X14: =V14+U14 -> 1 | Z14: =Y14*$C14 -> 0 | AA14: =Y14+X14 -> 1 | AC14: =AB14*$C14 -> 0 | AD14: =AB14+AA14 -> 1 | AF14: =AE14*$C14 -> 0 | AG14: =AE14+AD14 -> 1 | AI14: =AH14*$C14 -> 0 | AJ14: =AH14+AG14 -> 1 | AL14: =AK14*$C14 -> 0 | AM14: =AK14+AJ14 -> 1 | AO14: =AN14*$C14 -> 0 | AP14: =AN14+AM14 -> 1 | AR14: =AQ14*$C14 -> 0 | AS14: =AQ14+AP14 -> 1 | AU14: =AT14*$C14 -> 0 | AV14: =AT14+AS14 -> 1 | AX14: =AW14*$C14 -> 0 | AY14: =AW14+AV14 -> 1 | BA14: =AZ14*$C14 -> 0 | BB14: =AZ14+AY14 -> 1 | BD14: =BC14*$C14 -> 0 | BE14: =BC14+BB14 -> 1
A15: 3 | B15: =VLOOKUP(A15,'PLAN. ORÇAM.'!C19:K385,2) -> GALPÃO COBERTO | C15: =VLOOKUP(A15,'PLAN. ORÇAM.'!C19:K385,9) -> 3143798.7 | E15: =D15*C15 -> 0 | F15: =D15 -> 0 | G15: 0.1 | H15: =G15*$C15 -> 314379.87 | I15: =G15+F15 -> 0.1 | J15: 0.1 | K15: =J15*$C15 -> 314379.87 | L15: =J15+I15 -> 0.2 | M15: 0.1 | N15: =M15*$C15 -> 314379.87 | O15: =M15+L15 -> 0.3 | P15: 0.1 | Q15: =P15*$C15 -> 314379.87 | R15: =P15+O15 -> 0.4 | S15: 0.1 | T15: =S15*$C15 -> 314379.87 | U15: =S15+R15 -> 0.5 | V15: 0.1 | W15: =V15*$C15 -> 314379.87 | X15: =V15+U15 -> 0.6 | Y15: 0.1 | Z15: =Y15*$C15 -> 314379.87 | AA15: =Y15+X15 -> 0.7 | AB15: 0.12 | AC15: =AB15*$C15 -> 377255.85 | AD15: =AB15+AA15 -> 0.82 | AE15: 0.18 | AF15: =AE15*$C15 -> 565883.77 | AG15: =AE15+AD15 -> 1 | AH15: 0 | AI15: =AH15*$C15 -> 0 | AJ15: =AH15+AG15 -> 1 | AL15: =AK15*$C15 -> 0 | AM15: =AK15+AJ15 -> 1 | AO15: =AN15*$C15 -> 0 | AP15: =AN15+AM15 -> 1 | AR15: =AQ15*$C15 -> 0 | AS15: =AQ15+AP15 -> 1 | AU15: =AT15*$C15 -> 0 | AV15: =AT15+AS15 -> 1 | AX15: =AW15*$C15 -> 0 | AY15: =AW15+AV15 -> 1 | BA15: =AZ15*$C15 -> 0 | BB15: =AZ15+AY15 -> 1 | BD15: =BC15*$C15 -> 0 | BE15: =BC15+BB15 -> 1
A16: 4 | B16: =VLOOKUP(A16,'PLAN. ORÇAM.'!C20:K386,2) -> ATERRO E CONTRAPISO INTERNO | C16: =VLOOKUP(A16,'PLAN. ORÇAM.'!C20:K386,9) -> 332824 | E16: =D16*C16 -> 0 | F16: =D16 -> 0 | H16: =G16*$C16 -> 0 | I16: =G16+F16 -> 0 | J16: 0.1 | K16: =J16*$C16 -> 33282.4 | L16: =J16+I16 -> 0.1 | M16: 0.1 | N16: =M16*$C16 -> 33282.4 | O16: =M16+L16 -> 0.2 | Q16: =P16*$C16 -> 0 | R16: =P16+O16 -> 0.2 | T16: =S16*$C16 -> 0 | U16: =S16+R16 -> 0.2 | V16: 0.2 | W16: =V16*$C16 -> 66564.8 | X16: =V16+U16 -> 0.4 | Y16: 0.2 | Z16: =Y16*$C16 -> 66564.8 | AA16: =Y16+X16 -> 0.6 | AB16: 0.2 | AC16: =AB16*$C16 -> 66564.8 | AD16: =AB16+AA16 -> 0.8 | AE16: 0.2 | AF16: =AE16*$C16 -> 66564.8 | AG16: =AE16+AD16 -> 1 | AI16: =AH16*$C16 -> 0 | AJ16: =AH16+AG16 -> 1 | AL16: =AK16*$C16 -> 0 | AM16: =AK16+AJ16 -> 1 | AO16: =AN16*$C16 -> 0 | AP16: =AN16+AM16 -> 1 | AR16: =AQ16*$C16 -> 0 | AS16: =AQ16+AP16 -> 1 | AU16: =AT16*$C16 -> 0 | AV16: =AT16+AS16 -> 1 | AX16: =AW16*$C16 -> 0 | AY16: =AW16+AV16 -> 1 | BA16: =AZ16*$C16 -> 0 | BB16: =AZ16+AY16 -> 1 | BD16: =BC16*$C16 -> 0 | BE16: =BC16+BB16 -> 1
A17: 5 | B17: =VLOOKUP(A17,'PLAN. ORÇAM.'!C21:K387,2) -> CASA DOS RESERVATÓRIOS | C17: =VLOOKUP(A17,'PLAN. ORÇAM.'!C21:K387,9) -> 75330.23 | E17: =D17*C17 -> 0 | F17: =D17 -> 0 | H17: =G17*$C17 -> 0 | I17: =G17+F17 -> 0 | K17: =J17*$C17 -> 0 | L17: =J17+I17 -> 0 | M17: 0.05 | N17: =M17*$C17 -> 3766.51 | O17: =M17+L17 -> 0.05 | P17: 0.2 | Q17: =P17*$C17 -> 15066.05 | R17: =P17+O17 -> 0.25 | S17: 0.3 | T17: =S17*$C17 -> 22599.07 | U17: =S17+R17 -> 0.55 | V17: 0.4 | W17: =V17*$C17 -> 30132.09 | X17: =V17+U17 -> 0.95 | Y17: 0.05 | Z17: =Y17*$C17 -> 3766.51 | AA17: =Y17+X17 -> 1 | AC17: =AB17*$C17 -> 0 | AD17: =AB17+AA17 -> 1 | AF17: =AE17*$C17 -> 0 | AG17: =AE17+AD17 -> 1 | AI17: =AH17*$C17 -> 0 | AJ17: =AH17+AG17 -> 1 | AL17: =AK17*$C17 -> 0 | AM17: =AK17+AJ17 -> 1 | AO17: =AN17*$C17 -> 0 | AP17: =AN17+AM17 -> 1 | AR17: =AQ17*$C17 -> 0 | AS17: =AQ17+AP17 -> 1 | AU17: =AT17*$C17 -> 0 | AV17: =AT17+AS17 -> 1 | AX17: =AW17*$C17 -> 0 | AY17: =AW17+AV17 -> 1 | BA17: =AZ17*$C17 -> 0 | BB17: =AZ17+AY17 -> 1 | BD17: =BC17*$C17 -> 0 | BE17: =BC17+BB17 -> 1
A18: 6 | B18: =VLOOKUP(A18,'PLAN. ORÇAM.'!C22:K388,2) -> PAREDES E BANCADAS | C18: =VLOOKUP(A18,'PLAN. ORÇAM.'!C22:K388,9) -> 901103.61 | E18: =D18*C18 -> 0 | F18: =D18 -> 0 | H18: =G18*$C18 -> 0 | I18: =G18+F18 -> 0 | K18: =J18*$C18 -> 0 | L18: =J18+I18 -> 0 | N18: =M18*$C18 -> 0 | O18: =M18+L18 -> 0 | Q18: =P18*$C18 -> 0 | R18: =P18+O18 -> 0 | T18: =S18*$C18 -> 0 | U18: =S18+R18 -> 0 | W18: =V18*$C18 -> 0 | X18: =V18+U18 -> 0 | Y18: 0.2 | Z18: =Y18*$C18 -> 180220.72 | AA18: =Y18+X18 -> 0.2 | AB18: 0.2 | AC18: =AB18*$C18 -> 180220.72 | AD18: =AB18+AA18 -> 0.4 | AE18: 0.2 | AF18: =AE18*$C18 -> 180220.72 | AG18: =AE18+AD18 -> 0.6 | AH18: 0.3 | AI18: =AH18*$C18 -> 270331.08 | AJ18: =AH18+AG18 -> 0.9 | AK18: 0.1 | AL18: =AK18*$C18 -> 90110.36 | AM18: =AK18+AJ18 -> 1 | AO18: =AN18*$C18 -> 0 | AP18: =AN18+AM18 -> 1 | AR18: =AQ18*$C18 -> 0 | AS18: =AQ18+AP18 -> 1 | AU18: =AT18*$C18 -> 0 | AV18: =AT18+AS18 -> 1 | AX18: =AW18*$C18 -> 0 | AY18: =AW18+AV18 -> 1 | BA18: =AZ18*$C18 -> 0 | BB18: =AZ18+AY18 -> 1 | BD18: =BC18*$C18 -> 0 | BE18: =BC18+BB18 -> 1
A19: 7 | B19: =VLOOKUP(A19,'PLAN. ORÇAM.'!C23:K389,2) -> ESGOTO e DRENAGEM | C19: =VLOOKUP(A19,'PLAN. ORÇAM.'!C23:K389,9) -> 47745.05 | E19: =D19*C19 -> 0 | F19: =D19 -> 0 | H19: =G19*$C19 -> 0 | I19: =G19+F19 -> 0 | K19: =J19*$C19 -> 0 | L19: =J19+I19 -> 0 | N19: =M19*$C19 -> 0 | O19: =M19+L19 -> 0 | P19: 1 | Q19: =P19*$C19 -> 47745.05 | R19: =P19+O19 -> 1 | T19: =S19*$C19 -> 0 | U19: =S19+R19 -> 1 | W19: =V19*$C19 -> 0 | X19: =V19+U19 -> 1 | Z19: =Y19*$C19 -> 0 | AA19: =Y19+X19 -> 1 | AC19: =AB19*$C19 -> 0 | AD19: =AB19+AA19 -> 1 | AF19: =AE19*$C19 -> 0 | AG19: =AE19+AD19 -> 1 | AI19: =AH19*$C19 -> 0 | AJ19: =AH19+AG19 -> 1 | AL19: =AK19*$C19 -> 0 | AM19: =AK19+AJ19 -> 1 | AO19: =AN19*$C19 -> 0 | AP19: =AN19+AM19 -> 1 | AR19: =AQ19*$C19 -> 0 | AS19: =AQ19+AP19 -> 1 | AU19: =AT19*$C19 -> 0 | AV19: =AT19+AS19 -> 1 | AX19: =AW19*$C19 -> 0 | AY19: =AW19+AV19 -> 1 | BA19: =AZ19*$C19 -> 0 | BB19: =AZ19+AY19 -> 1 | BD19: =BC19*$C19 -> 0 | BE19: =BC19+BB19 -> 1
A20: 8 | B20: =VLOOKUP(A20,'PLAN. ORÇAM.'!C24:K390,2) -> REVESTIMENTO DE PAREDE | C20: =VLOOKUP(A20,'PLAN. ORÇAM.'!C24:K390,9) -> 357868.8 | E20: =D20*C20 -> 0 | F20: =D20 -> 0 | H20: =G20*$C20 -> 0 | I20: =G20+F20 -> 0 | K20: =J20*$C20 -> 0 | L20: =J20+I20 -> 0 | N20: =M20*$C20 -> 0 | O20: =M20+L20 -> 0 | Q20: =P20*$C20 -> 0 | R20: =P20+O20 -> 0 | T20: =S20*$C20 -> 0 | U20: =S20+R20 -> 0 | W20: =V20*$C20 -> 0 | X20: =V20+U20 -> 0 | Z20: =Y20*$C20 -> 0 | AA20: =Y20+X20 -> 0 | AC20: =AB20*$C20 -> 0 | AD20: =AB20+AA20 -> 0 | AE20: 0.2 | AF20: =AE20*$C20 -> 71573.76 | AG20: =AE20+AD20 -> 0.2 | AH20: 0.3 | AI20: =AH20*$C20 -> 107360.64 | AJ20: =AH20+AG20 -> 0.5 | AK20: 0.5 | AL20: =AK20*$C20 -> 178934.4 | AM20: =AK20+AJ20 -> 1 | AO20: =AN20*$C20 -> 0 | AP20: =AN20+AM20 -> 1 | AR20: =AQ20*$C20 -> 0 | AS20: =AQ20+AP20 -> 1 | AU20: =AT20*$C20 -> 0 | AV20: =AT20+AS20 -> 1 | AX20: =AW20*$C20 -> 0 | AY20: =AW20+AV20 -> 1 | BA20: =AZ20*$C20 -> 0 | BB20: =AZ20+AY20 -> 1 | BD20: =BC20*$C20 -> 0 | BE20: =BC20+BB20 -> 1
A21: 9 | B21: =VLOOKUP(A21,'PLAN. ORÇAM.'!C25:K391,2) -> REVESTIMENTO DE PAREDE E PISO | C21: =VLOOKUP(A21,'PLAN. ORÇAM.'!C25:K391,9) -> 277963.92 | E21: =D21*C21 -> 0 | F21: =D21 -> 0 | H21: =G21*$C21 -> 0 | I21: =G21+F21 -> 0 | K21: =J21*$C21 -> 0 | L21: =J21+I21 -> 0 | N21: =M21*$C21 -> 0 | O21: =M21+L21 -> 0 | Q21: =P21*$C21 -> 0 | R21: =P21+O21 -> 0 | T21: =S21*$C21 -> 0 | U21: =S21+R21 -> 0 | W21: =V21*$C21 -> 0 | X21: =V21+U21 -> 0 | Z21: =Y21*$C21 -> 0 | AA21: =Y21+X21 -> 0 | AC21: =AB21*$C21 -> 0 | AD21: =AB21+AA21 -> 0 | AF21: =AE21*$C21 -> 0 | AG21: =AE21+AD21 -> 0 | AI21: =AH21*$C21 -> 0 | AJ21: =AH21+AG21 -> 0 | AL21: =AK21*$C21 -> 0 | AM21: =AK21+AJ21 -> 0 | AN21: 0.5 | AO21: =AN21*$C21 -> 138981.96 | AP21: =AN21+AM21 -> 0.5 | AR21: =AQ21*$C21 -> 0 | AS21: =AQ21+AP21 -> 0.5 | AT21: 0.5 | AU21: =AT21*$C21 -> 138981.96 | AV21: =AT21+AS21 -> 1 | AX21: =AW21*$C21 -> 0 | AY21: =AW21+AV21 -> 1 | BA21: =AZ21*$C21 -> 0 | BB21: =AZ21+AY21 -> 1 | BD21: =BC21*$C21 -> 0 | BE21: =BC21+BB21 -> 1
A22: 10 | B22: =VLOOKUP(A22,'PLAN. ORÇAM.'!C26:K392,2) -> ESQUADRIAS | C22: =VLOOKUP(A22,'PLAN. ORÇAM.'!C26:K392,9) -> 1332744.4 | E22: =D22*C22 -> 0 | F22: =D22 -> 0 | H22: =G22*$C22 -> 0 | I22: =G22+F22 -> 0 | K22: =J22*$C22 -> 0 | L22: =J22+I22 -> 0 | N22: =M22*$C22 -> 0 | O22: =M22+L22 -> 0 | Q22: =P22*$C22 -> 0 | R22: =P22+O22 -> 0 | T22: =S22*$C22 -> 0 | U22: =S22+R22 -> 0 | W22: =V22*$C22 -> 0 | X22: =V22+U22 -> 0 | Z22: =Y22*$C22 -> 0 | AA22: =Y22+X22 -> 0 | AC22: =AB22*$C22 -> 0 | AD22: =AB22+AA22 -> 0 | AF22: =AE22*$C22 -> 0 | AG22: =AE22+AD22 -> 0 | AI22: =AH22*$C22 -> 0 | AJ22: =AH22+AG22 -> 0 | AL22: =AK22*$C22 -> 0 | AM22: =AK22+AJ22 -> 0 | AN22: 0.4 | AO22: =AN22*$C22 -> 533097.76 | AP22: =AN22+AM22 -> 0.4 | AQ22: 0.4 | AR22: =AQ22*$C22 -> 533097.76 | AS22: =AQ22+AP22 -> 0.8 | AT22: 0.2 | AU22: =AT22*$C22 -> 266548.88 | AV22: =AT22+AS22 -> 1 | AX22: =AW22*$C22 -> 0 | AY22: =AW22+AV22 -> 1 | BA22: =AZ22*$C22 -> 0 | BB22: =AZ22+AY22 -> 1 | BD22: =BC22*$C22 -> 0 | BE22: =BC22+BB22 -> 1
A23: 11 | B23: =VLOOKUP(A23,'PLAN. ORÇAM.'!C27:K393,2) -> VIDROS | C23: =VLOOKUP(A23,'PLAN. ORÇAM.'!C27:K393,9) -> 168646 | E23: =D23*C23 -> 0 | F23: =D23 -> 0 | H23: =G23*$C23 -> 0 | I23: =G23+F23 -> 0 | K23: =J23*$C23 -> 0 | L23: =J23+I23 -> 0 | N23: =M23*$C23 -> 0 | O23: =M23+L23 -> 0 | Q23: =P23*$C23 -> 0 | R23: =P23+O23 -> 0 | T23: =S23*$C23 -> 0 | U23: =S23+R23 -> 0 | W23: =V23*$C23 -> 0 | X23: =V23+U23 -> 0 | Z23: =Y23*$C23 -> 0 | AA23: =Y23+X23 -> 0 | AC23: =AB23*$C23 -> 0 | AD23: =AB23+AA23 -> 0 | AF23: =AE23*$C23 -> 0 | AG23: =AE23+AD23 -> 0 | AI23: =AH23*$C23 -> 0 | AJ23: =AH23+AG23 -> 0 | AL23: =AK23*$C23 -> 0 | AM23: =AK23+AJ23 -> 0 | AO23: =AN23*$C23 -> 0 | AP23: =AN23+AM23 -> 0 | AR23: =AQ23*$C23 -> 0 | AS23: =AQ23+AP23 -> 0 | AT23: 1 | AU23: =AT23*$C23 -> 168646 | AV23: =AT23+AS23 -> 1 | AX23: =AW23*$C23 -> 0 | AY23: =AW23+AV23 -> 1 | BA23: =AZ23*$C23 -> 0 | BB23: =AZ23+AY23 -> 1 | BD23: =BC23*$C23 -> 0 | BE23: =BC23+BB23 -> 1
A24: 12 | B24: =VLOOKUP(A24,'PLAN. ORÇAM.'!C28:K394,2) -> HIDRÁULICA | C24: =VLOOKUP(A24,'PLAN. ORÇAM.'!C28:K394,9) -> 129096.4 | E24: =D24*C24 -> 0 | F24: =D24 -> 0 | H24: =G24*$C24 -> 0 | I24: =G24+F24 -> 0 | K24: =J24*$C24 -> 0 | L24: =J24+I24 -> 0 | N24: =M24*$C24 -> 0 | O24: =M24+L24 -> 0 | Q24: =P24*$C24 -> 0 | R24: =P24+O24 -> 0 | T24: =S24*$C24 -> 0 | U24: =S24+R24 -> 0 | W24: =V24*$C24 -> 0 | X24: =V24+U24 -> 0 | Z24: =Y24*$C24 -> 0 | AA24: =Y24+X24 -> 0 | AC24: =AB24*$C24 -> 0 | AD24: =AB24+AA24 -> 0 | AF24: =AE24*$C24 -> 0 | AG24: =AE24+AD24 -> 0 | AI24: =AH24*$C24 -> 0 | AJ24: =AH24+AG24 -> 0 | AK24: 0.5 | AL24: =AK24*$C24 -> 64548.2 | AM24: =AK24+AJ24 -> 0.5 | AN24: 0.5 | AO24: =AN24*$C24 -> 64548.2 | AP24: =AN24+AM24 -> 1 | AR24: =AQ24*$C24 -> 0 | AS24: =AQ24+AP24 -> 1 | AU24: =AT24*$C24 -> 0 | AV24: =AT24+AS24 -> 1 | AX24: =AW24*$C24 -> 0 | AY24: =AW24+AV24 -> 1 | BA24: =AZ24*$C24 -> 0 | BB24: =AZ24+AY24 -> 1 | BD24: =BC24*$C24 -> 0 | BE24: =BC24+BB24 -> 1
A25: 13 | B25: =VLOOKUP(A25,'PLAN. ORÇAM.'!C29:K395,2) -> INCÊNDIO | C25: =VLOOKUP(A25,'PLAN. ORÇAM.'!C29:K395,9) -> 63291.37 | E25: =D25*C25 -> 0 | F25: =D25 -> 0 | H25: =G25*$C25 -> 0 | I25: =G25+F25 -> 0 | K25: =J25*$C25 -> 0 | L25: =J25+I25 -> 0 | N25: =M25*$C25 -> 0 | O25: =M25+L25 -> 0 | Q25: =P25*$C25 -> 0 | R25: =P25+O25 -> 0 | T25: =S25*$C25 -> 0 | U25: =S25+R25 -> 0 | W25: =V25*$C25 -> 0 | X25: =V25+U25 -> 0 | Z25: =Y25*$C25 -> 0 | AA25: =Y25+X25 -> 0 | AC25: =AB25*$C25 -> 0 | AD25: =AB25+AA25 -> 0 | AF25: =AE25*$C25 -> 0 | AG25: =AE25+AD25 -> 0 | AI25: =AH25*$C25 -> 0 | AJ25: =AH25+AG25 -> 0 | AK25: 0.6 | AL25: =AK25*$C25 -> 37974.82 | AM25: =AK25+AJ25 -> 0.6 | AN25: 0.4 | AO25: =AN25*$C25 -> 25316.55 | AP25: =AN25+AM25 -> 1 | AR25: =AQ25*$C25 -> 0 | AS25: =AQ25+AP25 -> 1 | AU25: =AT25*$C25 -> 0 | AV25: =AT25+AS25 -> 1 | AX25: =AW25*$C25 -> 0 | AY25: =AW25+AV25 -> 1 | BA25: =AZ25*$C25 -> 0 | BB25: =AZ25+AY25 -> 1 | BD25: =BC25*$C25 -> 0 | BE25: =BC25+BB25 -> 1
A26: 14 | B26: =VLOOKUP(A26,'PLAN. ORÇAM.'!C30:K396,2) -> GÁS | C26: =VLOOKUP(A26,'PLAN. ORÇAM.'!C30:K396,9) -> 14117.51 | E26: =D26*C26 -> 0 | F26: =D26 -> 0 | H26: =G26*$C26 -> 0 | I26: =G26+F26 -> 0 | K26: =J26*$C26 -> 0 | L26: =J26+I26 -> 0 | N26: =M26*$C26 -> 0 | O26: =M26+L26 -> 0 | Q26: =P26*$C26 -> 0 | R26: =P26+O26 -> 0 | T26: =S26*$C26 -> 0 | U26: =S26+R26 -> 0 | W26: =V26*$C26 -> 0 | X26: =V26+U26 -> 0 | Z26: =Y26*$C26 -> 0 | AA26: =Y26+X26 -> 0 | AC26: =AB26*$C26 -> 0 | AD26: =AB26+AA26 -> 0 | AF26: =AE26*$C26 -> 0 | AG26: =AE26+AD26 -> 0 | AI26: =AH26*$C26 -> 0 | AJ26: =AH26+AG26 -> 0 | AL26: =AK26*$C26 -> 0 | AM26: =AK26+AJ26 -> 0 | AO26: =AN26*$C26 -> 0 | AP26: =AN26+AM26 -> 0 | AQ26: 1 | AR26: =AQ26*$C26 -> 14117.51 | AS26: =AQ26+AP26 -> 1 | AU26: =AT26*$C26 -> 0 | AV26: =AT26+AS26 -> 1 | AX26: =AW26*$C26 -> 0 | AY26: =AW26+AV26 -> 1 | BA26: =AZ26*$C26 -> 0 | BB26: =AZ26+AY26 -> 1 | BD26: =BC26*$C26 -> 0 | BE26: =BC26+BB26 -> 1
A27: 15 | B27: =VLOOKUP(A27,'PLAN. ORÇAM.'!C31:K397,2) -> ELÉTRICO_LÓGICA_TELEFONE | C27: =VLOOKUP(A27,'PLAN. ORÇAM.'!C31:K397,9) -> 595936.67 | E27: =D27*C27 -> 0 | F27: =D27 -> 0 | H27: =G27*$C27 -> 0 | I27: =G27+F27 -> 0 | K27: =J27*$C27 -> 0 | L27: =J27+I27 -> 0 | N27: =M27*$C27 -> 0 | O27: =M27+L27 -> 0 | Q27: =P27*$C27 -> 0 | R27: =P27+O27 -> 0 | T27: =S27*$C27 -> 0 | U27: =S27+R27 -> 0 | W27: =V27*$C27 -> 0 | X27: =V27+U27 -> 0 | Z27: =Y27*$C27 -> 0 | AA27: =Y27+X27 -> 0 | AC27: =AB27*$C27 -> 0 | AD27: =AB27+AA27 -> 0 | AF27: =AE27*$C27 -> 0 | AG27: =AE27+AD27 -> 0 | AI27: =AH27*$C27 -> 0 | AJ27: =AH27+AG27 -> 0 | AL27: =AK27*$C27 -> 0 | AM27: =AK27+AJ27 -> 0 | AO27: =AN27*$C27 -> 0 | AP27: =AN27+AM27 -> 0 | AR27: =AQ27*$C27 -> 0 | AS27: =AQ27+AP27 -> 0 | AT27: 0.6 | AU27: =AT27*$C27 -> 357562 | AV27: =AT27+AS27 -> 0.6 | AW27: 0.4 | AX27: =AW27*$C27 -> 238374.67 | AY27: =AW27+AV27 -> 1 | BA27: =AZ27*$C27 -> 0 | BB27: =AZ27+AY27 -> 1 | BD27: =BC27*$C27 -> 0 | BE27: =BC27+BB27 -> 1
A28: 16 | B28: =VLOOKUP(A28,'PLAN. ORÇAM.'!C33:K398,2) -> PINTURAS | C28: =VLOOKUP(A28,'PLAN. ORÇAM.'!C33:K398,9) -> 317399.55 | E28: =D28*C28 -> 0 | F28: =D28 -> 0 | H28: =G28*$C28 -> 0 | I28: =G28+F28 -> 0 | K28: =J28*$C28 -> 0 | L28: =J28+I28 -> 0 | N28: =M28*$C28 -> 0 | O28: =M28+L28 -> 0 | Q28: =P28*$C28 -> 0 | R28: =P28+O28 -> 0 | T28: =S28*$C28 -> 0 | U28: =S28+R28 -> 0 | W28: =V28*$C28 -> 0 | X28: =V28+U28 -> 0 | Z28: =Y28*$C28 -> 0 | AA28: =Y28+X28 -> 0 | AC28: =AB28*$C28 -> 0 | AD28: =AB28+AA28 -> 0 | AF28: =AE28*$C28 -> 0 | AG28: =AE28+AD28 -> 0 | AI28: =AH28*$C28 -> 0 | AJ28: =AH28+AG28 -> 0 | AL28: =AK28*$C28 -> 0 | AM28: =AK28+AJ28 -> 0 | AO28: =AN28*$C28 -> 0 | AP28: =AN28+AM28 -> 0 | AQ28: 0.3 | AR28: =AQ28*$C28 -> 95219.87 | AS28: =AQ28+AP28 -> 0.3 | AT28: 0.5 | AU28: =AT28*$C28 -> 158699.78 | AV28: =AT28+AS28 -> 0.8 | AW28: 0.2 | AX28: =AW28*$C28 -> 63479.91 | AY28: =AW28+AV28 -> 1 | BA28: =AZ28*$C28 -> 0 | BB28: =AZ28+AY28 -> 1 | BD28: =BC28*$C28 -> 0 | BE28: =BC28+BB28 -> 1
A29: 17 | B29: =VLOOKUP(A29,'PLAN. ORÇAM.'!C34:K399,2) -> FORRO | C29: =VLOOKUP(A29,'PLAN. ORÇAM.'!C34:K399,9) -> 404671.28 | E29: =D29*C29 -> 0 | F29: =D29 -> 0 | H29: =G29*$C29 -> 0 | I29: =G29+F29 -> 0 | K29: =J29*$C29 -> 0 | L29: =J29+I29 -> 0 | N29: =M29*$C29 -> 0 | O29: =M29+L29 -> 0 | Q29: =P29*$C29 -> 0 | R29: =P29+O29 -> 0 | T29: =S29*$C29 -> 0 | U29: =S29+R29 -> 0 | W29: =V29*$C29 -> 0 | X29: =V29+U29 -> 0 | Z29: =Y29*$C29 -> 0 | AA29: =Y29+X29 -> 0 | AC29: =AB29*$C29 -> 0 | AD29: =AB29+AA29 -> 0 | AF29: =AE29*$C29 -> 0 | AG29: =AE29+AD29 -> 0 | AI29: =AH29*$C29 -> 0 | AJ29: =AH29+AG29 -> 0 | AL29: =AK29*$C29 -> 0 | AM29: =AK29+AJ29 -> 0 | AO29: =AN29*$C29 -> 0 | AP29: =AN29+AM29 -> 0 | AR29: =AQ29*$C29 -> 0 | AS29: =AQ29+AP29 -> 0 | AT29: 0.5 | AU29: =AT29*$C29 -> 202335.64 | AV29: =AT29+AS29 -> 0.5 | AW29: 0.5 | AX29: =AW29*$C29 -> 202335.64 | AY29: =AW29+AV29 -> 1 | BA29: =AZ29*$C29 -> 0 | BB29: =AZ29+AY29 -> 1 | BD29: =BC29*$C29 -> 0 | BE29: =BC29+BB29 -> 1
A30: 18 | B30: =VLOOKUP(A30,'PLAN. ORÇAM.'!C35:K400,2) -> PEÇAS COMPLEMENTARES | C30: =VLOOKUP(A30,'PLAN. ORÇAM.'!C35:K400,9) -> 50883.03 | E30: =D30*C30 -> 0 | F30: =D30 -> 0 | H30: =G30*$C30 -> 0 | I30: =G30+F30 -> 0 | K30: =J30*$C30 -> 0 | L30: =J30+I30 -> 0 | N30: =M30*$C30 -> 0 | O30: =M30+L30 -> 0 | Q30: =P30*$C30 -> 0 | R30: =P30+O30 -> 0 | T30: =S30*$C30 -> 0 | U30: =S30+R30 -> 0 | W30: =V30*$C30 -> 0 | X30: =V30+U30 -> 0 | Z30: =Y30*$C30 -> 0 | AA30: =Y30+X30 -> 0 | AC30: =AB30*$C30 -> 0 | AD30: =AB30+AA30 -> 0 | AF30: =AE30*$C30 -> 0 | AG30: =AE30+AD30 -> 0 | AI30: =AH30*$C30 -> 0 | AJ30: =AH30+AG30 -> 0 | AL30: =AK30*$C30 -> 0 | AM30: =AK30+AJ30 -> 0 | AO30: =AN30*$C30 -> 0 | AP30: =AN30+AM30 -> 0 | AR30: =AQ30*$C30 -> 0 | AS30: =AQ30+AP30 -> 0 | AT30: 0.5 | AU30: =AT30*$C30 -> 25441.52 | AV30: =AT30+AS30 -> 0.5 | AW30: 0.5 | AX30: =AW30*$C30 -> 25441.52 | AY30: =AW30+AV30 -> 1 | BA30: =AZ30*$C30 -> 0 | BB30: =AZ30+AY30 -> 1 | BD30: =BC30*$C30 -> 0 | BE30: =BC30+BB30 -> 1
A31: 19 | B31: =VLOOKUP(A31,'PLAN. ORÇAM.'!C37:K401,2) -> CALÇADA EXTERNA E GRAMA | C31: =VLOOKUP(A31,'PLAN. ORÇAM.'!C37:K401,9) -> 141848.85 | E31: =D31*C31 -> 0 | F31: =D31 -> 0 | H31: =G31*$C31 -> 0 | I31: =G31+F31 -> 0 | K31: =J31*$C31 -> 0 | L31: =J31+I31 -> 0 | N31: =M31*$C31 -> 0 | O31: =M31+L31 -> 0 | Q31: =P31*$C31 -> 0 | R31: =P31+O31 -> 0 | T31: =S31*$C31 -> 0 | U31: =S31+R31 -> 0 | W31: =V31*$C31 -> 0 | X31: =V31+U31 -> 0 | Z31: =Y31*$C31 -> 0 | AA31: =Y31+X31 -> 0 | AC31: =AB31*$C31 -> 0 | AD31: =AB31+AA31 -> 0 | AF31: =AE31*$C31 -> 0 | AG31: =AE31+AD31 -> 0 | AI31: =AH31*$C31 -> 0 | AJ31: =AH31+AG31 -> 0 | AL31: =AK31*$C31 -> 0 | AM31: =AK31+AJ31 -> 0 | AO31: =AN31*$C31 -> 0 | AP31: =AN31+AM31 -> 0 | AR31: =AQ31*$C31 -> 0 | AS31: =AQ31+AP31 -> 0 | AT31: 0.2 | AU31: =AT31*$C31 -> 28369.77 | AV31: =AT31+AS31 -> 0.2 | AW31: 0.8 | AX31: =AW31*$C31 -> 113479.08 | AY31: =AW31+AV31 -> 1 | BA31: =AZ31*$C31 -> 0 | BB31: =AZ31+AY31 -> 1 | BD31: =BC31*$C31 -> 0 | BE31: =BC31+BB31 -> 1
A32: 20 | B32: =VLOOKUP(A32,'PLAN. ORÇAM.'!C38:K402,2) -> FINALIZAÇÕES | C32: =VLOOKUP(A32,'PLAN. ORÇAM.'!C38:K402,9) -> 2531.57 | E32: =D32*C32 -> 0 | F32: =D32 -> 0 | H32: =G32*$C32 -> 0 | I32: =G32+F32 -> 0 | K32: =J32*$C32 -> 0 | L32: =J32+I32 -> 0 | N32: =M32*$C32 -> 0 | O32: =M32+L32 -> 0 | Q32: =P32*$C32 -> 0 | R32: =P32+O32 -> 0 | T32: =S32*$C32 -> 0 | U32: =S32+R32 -> 0 | W32: =V32*$C32 -> 0 | X32: =V32+U32 -> 0 | Z32: =Y32*$C32 -> 0 | AA32: =Y32+X32 -> 0 | AC32: =AB32*$C32 -> 0 | AD32: =AB32+AA32 -> 0 | AF32: =AE32*$C32 -> 0 | AG32: =AE32+AD32 -> 0 | AI32: =AH32*$C32 -> 0 | AJ32: =AH32+AG32 -> 0 | AL32: =AK32*$C32 -> 0 | AM32: =AK32+AJ32 -> 0 | AO32: =AN32*$C32 -> 0 | AP32: =AN32+AM32 -> 0 | AR32: =AQ32*$C32 -> 0 | AS32: =AQ32+AP32 -> 0 | AU32: =AT32*$C32 -> 0 | AV32: =AT32+AS32 -> 0 | AW32: 1 | AX32: =AW32*$C32 -> 2531.57 | AY32: =AW32+AV32 -> 1 | BA32: =AZ32*$C32 -> 0 | BB32: =AZ32+AY32 -> 1 | BD32: =BC32*$C32 -> 0 | BE32: =BC32+BB32 -> 1
A34: TOTAL SIMPLES EM R$ | C34: =SUM(C13:C33) -> 8850000 | E34: =SUM(E13:E32) -> 65563.33 | H34: =SUM(H13:H32) -> 360191.2 | K34: =SUM(K13:K32) -> 378659.6 | N34: =SUM(N13:N32) -> 382426.11 | Q34: =SUM(Q13:Q32) -> 408188.3 | T34: =SUM(T13:T32) -> 363548.08 | W34: =SUM(W13:W32) -> 437645.9 | Z34: =SUM(Z13:Z32) -> 591501.04 | AC34: =SUM(AC13:AC32) -> 650610.51 | AF34: =SUM(AF13:AF32) -> 910812.19 | AI34: =SUM(AI13:AI32) -> 404260.86 | AL34: =SUM(AL13:AL32) -> 398136.92 | AO34: =SUM(AO13:AO32) -> 788513.61 | AR34: =SUM(AR13:AR32) -> 669004.28 | AU34: =SUM(AU13:AU32) -> 1373154.7 | AX34: 667783.38 | BA34: =SUM(BA13:BA32) -> 0 | BD34: =SUM(BD13:BD32) -> 0
A35: TOTAL SIMPLES EM % | E35: =E34/$C$34 -> 0.0074 | H35: =H34/$C$34 -> 0.0407 | K35: =K34/$C$34 -> 0.0428 | N35: =N34/$C$34 -> 0.0432 | Q35: =Q34/$C$34 -> 0.0461 | T35: =T34/$C$34 -> 0.0411 | W35: =W34/$C$34 -> 0.0495 | Z35: =Z34/$C$34 -> 0.0668 | AC35: =AC34/$C$34 -> 0.0735 | AF35: =AF34/$C$34 -> 0.1029 | AI35: =AI34/$C$34 -> 0.0457 | AL35: =AL34/$C$34 -> 0.045 | AO35: =AO34/$C$34 -> 0.0891 | AR35: =AR34/$C$34 -> 0.0756 | AU35: =AU34/$C$34 -> 0.1552 | AX35: =AX34/$C$34 -> 0.0755 | BA35: =BA34/$C$34 -> 0 | BD35: =BD34/$C$34 -> 0
A36: TOTAL ACUMULADO EM R$ | D36: =D34 -> 0 | E36: =E34 -> 65563.33 | G36: =F34/$C$34 -> 0 | H36: =H34+E36 -> 425754.53 | J36: =I34/$C$34 -> 0 | K36: =K34+H36 -> 804414.13 | M36: =L34/$C$34 -> 0 | N36: =N34+K36 -> 1186840.2 | P36: =O34/$C$34 -> 0 | Q36: =Q34+N36 -> 1595028.5 | S36: =R34/$C$34 -> 0 | T36: =T34+Q36 -> 1958576.6 | V36: =U34/$C$34 -> 0 | W36: =W34+T36 -> 2396222.5 | Y36: =X34/$C$34 -> 0 | Z36: =Z34+W36 -> 2987723.6 | AB36: =AA34/$C$34 -> 0 | AC36: =AC34+Z36 -> 3638334.1 | AE36: =AD34/$C$34 -> 0 | AF36: =AF34+AC36 -> 4549146.3 | AH36: =AG34/$C$34 -> 0 | AI36: =AI34+AF36 -> 4953407.1 | AK36: =AJ34/$C$34 -> 0 | AL36: =AL34+AI36 -> 5351544 | AN36: =AM34/$C$34 -> 0 | AO36: =AO34+AL36 -> 6140057.7 | AQ36: =AP34/$C$34 -> 0 | AR36: =AR34+AO36 -> 6809061.9 | AT36: =AS34/$C$34 -> 0 | AU36: =AU34+AR36 -> 8182216.6 | AW36: =AV34/$C$34 -> 0 | AX36: =AX34+AU36 -> 8850000 | AZ36: =AY34/$C$34 -> 0 | BA36: =BA34+AX36 -> 8850000 | BC36: =BB34/$C$34 -> 0 | BD36: =BD34+BA36 -> 8850000
A37: TOTAL ACUMULADO EM % | H37: =H36/$C$34 -> 0.0481 | K37: =K36/$C$34 -> 0.0909 | N37: =N36/$C$34 -> 0.1341 | Q37: =Q36/$C$34 -> 0.1802 | T37: =T36/$C$34 -> 0.2213 | W37: =W36/$C$34 -> 0.2708 | Z37: =Z36/$C$34 -> 0.3376 | AC37: =AC36/$C$34 -> 0.4111 | AF37: =AF36/$C$34 -> 0.514 | AI37: =AI36/$C$34 -> 0.5597 | AL37: =AL36/$C$34 -> 0.6047 | AO37: =AO36/$C$34 -> 0.6938 | AR37: =AR36/$C$34 -> 0.7694 | AU37: =AU36/$C$34 -> 0.9245 | AX37: =AX36/$C$34 -> 1 | BA37: =BA36/$C$34 -> 1 | BD37: =BD36/$C$34 -> 1
B39: O CRONOGRAMA DEVERÁ SER ADEQUADO PELA CONSTRUTORA, MANTENDO-SE O PRAZO MÁXIMO DE 16 MESES
B40: LOCAL, DATA | G40: ENG./CREA-ASSINATURA

Sheet Plan1
B3: COMPOSIÇÃO 1 | H3: 72110
A4: 72110 | B4: ESTRUTURA METÁLICA | C4: m² | D4: 75.68 | H4: ESTRUTURA METALICA EM TESOURAS OU TRELICAS, VAO LIVRE DE 12M, FORNECIMENTO E
A5: 94216 | B5: TELHAMENTO | C5: m² | D5: 93.12 | H5: MONTAGEM, NAO SENDO CONSIDERADOS OS FECHAMENTOS METALICOS, AS COLUNAS, OS
H6: SERVICOS GERAIS EM ALVENARIA E CONCRETO, AS TELHAS DE COBERTURA E A PINTURA DE
H7: M2 61,52 14,16 75,68
H9: 94216 TELHAMENTO COM TELHA METÁLICA TERMOACÚSTICA E = 30 MM, COM ATÉ 2 ÁGUAS, INCLUSO M2 91,70 1,42 93,12

Sheet COMP 1_ESTRUTURA E TELHADO
C4: COMPOSIÇÃO 1
C5: Estrutura de Concreto Armado Pre-moldado e Cobertura em telha de aço/aço com isolante térmico
C9: ÁREA DE COBERTURA REAL INCLUSIVE BEIRAL | D9: COMPR | E9: LARG.REAL | F9: X | G9: TELHA M² | H9: TELHA TRANSL. (M²) | I9: CUMEEIRA (M) | J9: RUFO | K9: CALHA
B10: MAT | C10: TELHADO SUPERIOR | D10: =122+1.5 -> 123.5 | E10: 2.8 | F10: 2 | G10: =D10*E10*F10 -> 691.6
B11: MAT | C11: CUMEEIRA | D11: =D16 -> 123.5 | I11: =D11 -> 123.5
B12: MAT | C12: VERTICAL INTERIOR | D12: 122 | E12: 2.5 | F12: 2 | G12: =D12*E12*F12 -> 610
B13: MAT | C13: TELHA TRANSLUCIDA | D13: =D16 -> 123.5 | E13: 1 | F13: 2 | G13: =D13*E13*F13 -> 247 | H13: =G13 -> 247
B14: MAT | C14: RUFO | D14: 122 | F14: 2 | J14: =F14*D14 -> 244
B15: MAT | C15: CALHA | D15: 8 | K15: =D15 -> 8
B16: MAT | C16: TELHADO INFERIOR [DESCONTADO 48,0M² DO WC] | D16: =D10 -> 123.5 | E16: 8.8 | F16: 2 | G16: 2130
B17: MAT | C17: TELHADO VERTICAL DO BEIRAL | D17: =D16 -> 123.5 | E17: 0.4 | F17: 2 | G17: =F17*E17*D17 -> 98.8
B18: MAT | C18: TELHADO HORIZONTAL DO BEIRAL | D18: =D17+21.5 -> 145 | E18: 0.6 | F18: 2 | G18: =F18*E18*D18 -> 174
B19: MAT | C19: TELHA PARA EITÃO (FRENTE E FUNDOS) | G19: =39.6*2 -> 79.2
B20: MAT | C20: TELHA PARA EITÃO (desnível de 1,0m) | G20: 26.5
C21: SOMAS | G21: =SUM(G10:G20) -> 4057.1 | H21: =SUM(H10:H20) -> 247 | I21: =SUM(I10:I20) -> 123.5 | J21: =SUM(J10:J20) -> 244 | K21: =SUM(K10:K20) -> 8
B23: BIO | C23: ÁREA DE COBERTURA REAL INCLUSIVE BEIRAL | D23: COMPR | E23: LARG.REAL | F23: X | G23: TELHA M² | H23: TELHA TRANSL. (M²) | I23: CUMEEIRA (M) | J23: RUFO | K23: CALHA
B24: BIO | C24: TELHADO SUPERIOR | D24: =184.5+1.5 -> 186 | E24: 2.8 | F24: 2 | G24: =D24*E24*F24 -> 1041.6
B25: BIO | C25: CUMEEIRA | D25: =D30 -> 186 | I25: =D25 -> 186
B26: BIO | C26: VERTICAL INTERIOR | D26: 184.5 | E26: 2.5 | F26: 2 | G26: =D26*E26*F26 -> 922.5
B27: BIO | C27: TELHA TRANSLUCIDA | D27: =D30 -> 186 | E27: 1 | F27: 2 | G27: =D27*E27*F27 -> 372 | H27: =G27 -> 372
B28: BIO | C28: RUFO | D28: 184.5 | F28: 2 | J28: =F28*D28 -> 369
B29: BIO | C29: CALHA | D29: 6 | K29: =D29 -> 6
B30: BIO | C30: TELHADO INFERIOR [DESCONTADO 32,0M² DO WC] | D30: =D24 -> 186 | E30: 8.8 | F30: 2 | G30: =3242 -> 3242
B31: BIO | C31: TELHADO VERTICAL DO BEIRAL | D31: =D30 -> 186 | E31: 0.4 | F31: 2 | G31: =F31*E31*D31 -> 148.8
B32: BIO | C32: TELHADO HORIZONTAL DO BEIRAL | D32: =D31+21.5 -> 207.5 | E32: 0.6 | F32: 2 | G32: =F32*E32*D32 -> 249
B33: BIO | C33: TELHA PARA EITÃO (FRENTE E FUNDOS) | G33: =39.6*2 -> 79.2
B34: BIO | C34: TELHA PARA EITÃO (desnível de 0,6m - 3X) | G34: 39
C35: SOMAS | G35: =SUM(G24:G34) -> 6094.1 | H35: =SUM(H24:H34) -> 372 | I35: =SUM(I24:I34) -> 186 | J35: =SUM(J24:J34) -> 369 | K35: =SUM(K24:K34) -> 6
C37: TOTAIS | G37: =G35+G21 -> 10151.2 | H37: =H35+H21 -> 619 | I37: =I35+I21 -> 309.5 | J37: =J35+J21 -> 613 | K37: =K35+K21 -> 14
C39: COMP. 1-A
C40: ÁREA DO TELHADO EM PROJEÇÃO: | D40: COMPR.(m) | E40: LARG.(m) | F40: ÁREA (m²)
C41: BLOCO MATEMÁTICA_PÓS-GRADUAÇÃO | D41: 123.5 | E41: =20+1.5 -> 21.5 | F41: =E41*D41 -> 2655.3
C42: ÁREA DE LAJE (CASA DO RESERVATÓRIO) | D42: 8 | E42: 6 | F42: =(-1)*E42*D42 -> -48
C43: BLOCO BIOLOGIA_GEOGRAFIA | D43: =185+1.5 -> 186.5 | E43: =E41 -> 21.5 | F43: =E43*D43 -> 4009.8
C44: ÁREA DE LAJE (CASA DO RESERVATÓRIO) | D44: 8 | E44: 4 | F44: =(-1)*E44*D44 -> -32
C45: ÁREA TOTAL EM PROJEÇÃO DE COBERTURA EM TELHA DE AÇO | F45: =SUM(F41:F44) -> 6585.1
C47: BARRACÃO PRE-MOLDADO - ESTRUTURA E COBERTURA | D47: CIMENTEC | F47: MARIO A OLIVEIRA | G47: METACIL | H47: BLOCO BIO | I47: BLOCO MAT | J47: SOMA
C48: ESTRUTURA | E48: SERPELLONI | H48: 335244 | I48: 224480 | J48: =SUM(H48:I48) -> 559724
C49: Escavação para fundação
C50: Sapatas de concreto armado
C51: Pilares de concreto armado
C52: Vigas de concreto armado
C53: SUB TOTAL | E53: =J48 -> 559724
C55: COBERTURA | E55: BV ESTRUTURAS
C56: Estrutura da cobertura em estrutura metálica
C57: Cobertura em telha de aço (duplo), com miolo de isopor, telha pré pintada na face superior e face inferior. | E57: 1185470
C58: SUB TOTAL
C60: TOTAL | D60: 2295000 | E60: =E57+E53 -> 1745194
C61: ÁREA = | D61: 6197.4 | E61: =D61 -> 6197.4
C62: VALOR POR M² | D62: =D60/D61 -> 370.32 | E62: =E60/E61 -> 281.6 | G62: 200
F63: =(E62+D62)/2 -> 325.96 | G63: =(D62+E62+G62)/3 -> 283.97333
C65: METACIL (ESTRUTURA + COBERTURA) - SEM VIGAS = R$ 200,00/M²
C69: COMP. 1-B | I69: PRÉ-MOLDADO E COBERTURA
C70: FECHAMENTO EM TELHA METÁLICA PINTADA: | D70: COMPR | E70: LARG.REAL | F70: X | G70: TELHA M² | I70: viga baldrame biologia | M70: sapata biologia
B71: MAT | C71: VERTICAL, CONTORNO DO BEIRAL - MATEMÁTICA | D71: 123 | E71: 0.4 | F71: 2 | G71: =F71*E71*D71 -> 98.4 | I71: 184 | J71: 4 | K71: =J71*I71 -> 736 | M71: 125 | Q71: BIOLOGIA/GEOGRAFIA
B72: BIO | C72: VERTICAL, CONTORNO DO BEIRAL -BIOLOGIA | D72: 186 | E72: 0.4 | F72: 2 | G72: =F72*E72*D72 -> 148.8 | I72: 20 | J72: 7 | K72: =J72*I72 -> 140 | M72: 119 | Q72: SAPATA RASA (100x100x40)
B73: MAT | C73: FECHAMENTO HORIZONTAL DO BEIRAL | D73: =D72+21.5 -> 207.5 | E73: 0.6 | F73: 2 | G73: =F73*E73*D73 -> 249 | Q73: escavação/aterro | U73: =244*1.5 -> 366 | V73: m³
B74: BIO | C74: FECHAMENTO HORIZONTAL DO BEIRAL | D74: =D73+21.5 -> 229 | E74: 0.6 | F74: 2 | G74: =F74*E74*D74 -> 274.8 | Q74: concreto armado da base
B75: MAT | C75: VERTICAL INTERIOR | D75: 122 | E75: 2.5 | F75: 2 | G75: =D75*E75*F75 -> 610 | I75: 20 | J75: 7 | K75: =J75*I75 -> 140 | N75: =SUM(M71:M75) -> 244 | Q75: QDE | R75: X | S75: Y | T75: H | U75: VOL
B76: BIO | C76: VERTICAL INTERIOR | D76: 184.5 | E76: 2.5 | F76: 2 | G76: =D76*E76*F76 -> 922.5 | I76: 9 | J76: 8 | K76: =J76*I76 -> 72 | Q76: 244 | R76: 1 | S76: 1 | T76: 0.2 | U76: =Q76*R76*S76*T76 -> 48.8 | V76: BASE
B77: MAT | C77: FECHAMENTO HORIZONTAL DA ÁREA (ENTRADA (2X20)M | D77: 20 | E77: 2 | F77: 2 | G77: =D77*E77*F77 -> 80 | I77: 7 | J77: 8 | K77: =J77*I77 -> 56 | Q77: 244 | R77: 1 | S77: 1 | T77: 0.2 | U77: =Q77*R77*S77*T77/3 -> 16.27 | V77: COROA
B78: BIO | C78: FECHAMENTO HORIZONTAL DA ÁREA (ENTRADA (2X20)M | D78: 20 | E78: 2 | F78: 2 | G78: =D78*E78*F78 -> 80 | I78: 8 | J78: 8 | K78: =J78*I78 -> 64 | S78: VOLUME TOTAL | U78: =SUM(U76:U77) -> 65.07 | V78: m³ de concreto
G79: =SUM(G71:G78) -> 2463.5 | I79: 7 | J79: 8 | K79: =J79*I79 -> 56
L80: =SUM(K71:K79) -> 1264 | Q80: ARMAÇÃO
B81: 94213 TELHAMENTO COM TELHA DE AÇO/ALUMÍNIO E = 0,5 MM, COM ATÉ 2 ÁGUAS, INCLUSO IÇAMENTO. M2 32,90 2,25 35,15 | Q81: QDE | R81: AÇO | S81: COMP. | T81: (X) | U81: compr.total | V81: kg(total)
I82: viga baldrame matematica | M82: sapata matematica | Q82: =14 -> 14 | R82: 10,0MM | S82: 1.2 | T82: 244 | U82: =T82*S82*Q82 -> 4099.2 | V82: =0.617*U82 -> 2529.21
G83: =G79*35.15 -> 86592 | I83: 122 | J83: 4 | K83: =J83*I83 -> 488 | N83: 174
I84: 20 | J84: 8 | K84: =J84*I84 -> 160 | Q84: MATEMÁTICA/PÓS-GRADUAÇÃO
I85: 10 | J85: 8 | K85: =J85*I85 -> 80 | Q85: SAPATA RASA (100x100x40)
I86: 9 | J86: 8 | K86: =J86*I86 -> 72 | Q86: escavação/aterro | U86: =174*1.5 -> 261 | V86: m³
L87: =SUM(K83:K87) -> 800 | Q87: concreto armado da base
Q88: QDE | R88: X | S88: Y | T88: H | U88: VOL
I89: viga cobertura matematica | M89: viga cobertura biologia | Q89: 174 | R89: 1 | S89: 1 | T89: 0.2 | U89: =Q89*R89*S89*T89 -> 34.8 | V89: BASE
I90: 11 | J90: 20 | K90: =J90*I90 -> 220 | M90: 15 | N90: 20 | O90: =N90*M90 -> 300 | Q90: 174 | R90: 1 | S90: 1 | T90: 0.2 | U90: =Q90*R90*S90*T90/3 -> 11.6 | V90: COROA
I91: 8 | J91: 8 | K91: =J91*I91 -> 64 | M91: 16 | N91: 8 | O91: =N91*M91 -> 128 | S91: VOLUME TOTAL | U91: =SUM(U89:U90) -> 46.4 | V91: m³ de concreto
I92: 7 | J92: 8 | K92: =J92*I92 -> 56 | M92: 12 | N92: 8 | O92: =N92*M92 -> 96
I93: 4 | J93: 122 | K93: =J93*I93 -> 488 | M93: 4 | N93: 184 | O93: =N93*M93 -> 736 | Q93: ARMAÇÃO
L94: =SUM(K90:K93) -> 828 | P94: =SUM(O90:O93) -> 1260 | Q94: QDE | R94: AÇO | S94: COMP. | T94: (X) | U94: compr.total | V94: kg(total)
Q95: =14 -> 14 | R95: 10,0MM | S95: 1.2 | T95: 174 | U95: =T95*S95*Q95 -> 2923.2 | V95: =0.617*U95 -> 1803.61
I97: VIGA LANTERNIM MATEMATICA | M97: VIGA LANTERNIM BIOL
I98: 2 | J98: 122 | K98: =J98*I98 -> 244 | M98: 2 | N98: 184 | O98: =N98*M98 -> 368
I99: 12 | J99: 4 | K99: =J99*I99 -> 48 | M99: 18 | N99: 4 | O99: =N99*M99 -> 72
L100: =SUM(K98:K99) -> 292 | P100: =SUM(O98:O100) -> 440
I103: VIGAS BALDRAME
I104: CONCRETO | L104: COMPR. | M104: B | N104: H | O104: Concreto (m³)
I105: BIOLOGIA_GEOFRAFIA | L105: 1264 | M105: 15 | N105: 30 | O105: =L105*M105*N105/10000 -> 56.88
I106: MATEMÁTICA_PÓS GRADUAÇÃO | L106: 800 | M106: 15 | N106: 30 | O106: =L106*M106*N106/10000 -> 36
I108: AÇO | M108: ɸ 10mm (m) | N108: ɸ 5mm (m) | O108: ɸ 10mm (kg) | P108: ɸ 5mm (kg)
I109: BIOLOGIA_GEOFRAFIA | L109: =L105 -> 1264 | M109: =L109*4*1.1 -> 5561.6 | N109: =5056*1.1 -> 5561.6 | O109: =M109*0.617 -> 3431.51 | P109: =N109*0.2 -> 1112.32
I110: MATEMÁTICA_PÓS GRADUAÇÃO | L110: =L106 -> 800 | M110: =L110*4*1.1 -> 3520 | N110: 3520 | O110: =M110*0.617 -> 2171.84 | P110: =N110*0.2 -> 704
I113: PILAR PRE-MOLDADO
I114: CONCRETO (25MPA)
J115: B | K115: H | L115: L | M115: X | N115: conc. (m3)
I116: P1 | J116: 20 | K116: 30 | L116: 420 | M116: 285 | N116: =J116*K116*L116*M116/1000000 -> 71.82
I117: P2 | J117: 20 | K117: 30 | L117: 730 | M117: 157 | N117: =J117*K117*L117*M117/1000000 -> 68.77
I118: P3 | J118: 20 | K118: 30 | L118: 500 | M118: 18 | N118: =J118*K118*L118*M118/1000000 -> 5.4 | O118: =SUM(N116:N118) -> 145.99
I120: AÇO | J120: BIT (mm) | K120: QDE | L120: C (m) | M120: X | N120: C (tot.) | O120: kg(total)
I121: P1 | J121: 10 | K121: 4 | L121: 4.15 | M121: 285 | N121: =M121*L121*K121 -> 4731 | O121: =N121*0.617 -> 2919.03
I122: P1 | J122: 5 | K122: 28 | L122: 0.9 | M122: =M121 -> 285 | N122: =M122*L122*K122 -> 7182 | O122: =N122*0.13 -> 933.66
I123: P2 | J123: 10 | K123: 6 | L123: 7.3 | M123: 157 | N123: =M123*L123*K123 -> 6876.6 | O123: =N123*0.617 -> 4242.86
...

Sheet COMP2_DIVISORIAAS
A3: COMP 2
B4: GESSO ACARTONADO
B5: LOCAL | C5: porta 80x210 | D5: Comp. (L) | E5: Alt (H) | F5: Rodapé
A8: MATEMATICA | B8: LAB.T.ED. | D8: 8 | E8: 3.5 | F8: =D8*2 -> 16
A9: MATEMATICA | B9: LAB.P.A.P | D9: 8 | E9: 3.5 | F9: =D9*2 -> 16
A10: MATEMATICA | B10: LAB.MAT.AP. | D10: 8 | E10: 3.5 | F10: =D10*2 -> 16
A11: MATEMATICA | B11: LAB.MAT. | D11: 8 | E11: 3.5 | F11: =D11*2 -> 16
A13: MATEMATICA | B13: Coor. Curso | C13: 1 | D13: =8+6 -> 14 | E13: 3.5 | F13: =D13*2 -> 28
A14: MATEMATICA | B14: LAB.FISICA | D14: 8 | E14: 3.5 | F14: =D14*2 -> 16
A15: MATEMATICA | B15: LAB. GEOM. | D15: 8 | E15: 3.5 | F15: =D15*2 -> 16
A16: MATEMATICA | B16: sala per. Doc. | D16: 8 | E16: 3.5 | F16: =D16*2 -> 16
F17: =D17*2 -> 0
A18: PÓS-GRAD. | B18: COPA | D18: =8+3 -> 11 | E18: 3.5 | F18: =D18*2 -> 22
A19: PÓS-GRAD. | B19: ARQUIVO | C19: 1 | D19: 8 | E19: 3.5 | F19: =D19*2 -> 16
A20: PÓS-GRAD. | B20: SECRET. | C20: 1 | D20: 6 | E20: 1 | F20: =D20*2 -> 12
A22: GEOGRAFIA | B22: COORD. | C22: 1 | D22: =8+5.2 -> 13.2 | E22: 3.5 | F22: =D22*2 -> 26.4
A23: GEOGRAFIA | B23: LAB. CART | D23: 8 | E23: 3.5 | F23: =D23*2 -> 16
A24: GEOGRAFIA | B24: S. PROF. 3 | D24: 8 | E24: 3.5 | F24: =D24*2 -> 16
A25: GEOGRAFIA | B25: LAB.ENS.GEO. | D25: 8 | E25: 3.5 | F25: =D25*2 -> 16
A26: GEOGRAFIA | B26: LAB.GEOPROC. | D26: 8 | E26: 3.5 | F26: =D26*2 -> 16
A27: GEOGRAFIA | B27: LAB.ENS.GEO. | D27: 8 | E27: 3.5 | F27: =D27*2 -> 16
A28: GEOGRAFIA | B28: LAGEFA | D28: 8 | E28: 3.5 | F28: =D28*2 -> 16
A30: BIOLOGIA | B30: LAB.ENS.ZOO.
A31: BIOLOGIA | B31: LAB.ENS.MICR.
A32: BIOLOGIA | B32: COORD.CURSO | D32: =8.5+5.4 -> 13.9 | E32: 3.5 | F32: =D32*2 -> 27.8
A33: BIOLOGIA | B33: S.PROF. | D33: 6 | E33: 3.5 | F33: =D33*2 -> 12
A35: BIOLOGIA | B35: LAB.ENS.BOT. | D35: 8 | E35: 3.5 | F35: =D35*2 -> 16
A36: BIOLOGIA | B36: LAB.ENS.ANAT. | D36: 8 | E36: 3.5 | F36: =D36*2 -> 16
A37: BIOLOGIA | B37: LAB.ENS. | D37: 8 | E37: 3.5 | F37: =D37*2 -> 16
F38: =D38*2 -> 0
A39: BIOLOGIA | B39: LAB. GEN. | D39: 8 | E39: 3.5 | F39: =D39*2 -> 16
A40: BIOLOGIA | B40: COLEÇÃO PEIXES | D40: 8 | E40: 3.5 | F40: =D40*2 -> 16
A41: BIOLOGIA | B41: ECOL. | D41: 8 | E41: 3.5 | F41: =D41*2 -> 16
A42: BIOLOGIA | B42: FISIOL. | D42: 8 | E42: 3.5 | F42: =D42*2 -> 16
F43: =D43*2 -> 0
A44: BIOLOGIA | B44: BOTANICA | D44: 8 | E44: 3.5 | F44: =D44*2 -> 16
A45: BIOLOGIA | B45: CONTROLE | D45: 8 | E45: 3.5 | F45: =D45*2 -> 16
A46: BIOLOGIA | B46: MICROB. | D46: 8 | E46: 3.5 | F46: =D46*2 -> 16
A47: BIOLOGIA | B47: LIMNOL. | D47: 8 | E47: 3.5 | F47: =D47*2 -> 16
A48: BIOLOGIA | B48: FREEZER | D48: 8 | E48: 3.5 | F48: =D48*2 -> 16
B50: DIVISÓRIA GESSO ACARTONADO
B51: LOCAL | C51: porta 80x210 | D51: Comp. (L) | E51: Alt (H)
A52: BIOLOGIA | B52: LAB.GENÉT. | C52: 2 | D52: 7 | E52: 3.5 | F52: =D52*2 -> 14
A53: BIOLOGIA | B53: ECOLOGIA | C53: 1 | D53: 4.5 | E53: 3.5 | F53: =D53*2 -> 9
A54: BIOLOGIA | B54: BIOENSAIO | C54: 2 | D54: 9 | E54: 3.5 | F54: =D54*2 -> 18
A55: BIOLOGIA | B55: FISIOLOGIA | C55: 1 | D55: 4.5 | E55: 3.5 | F55: =D55*2 -> 9
A56: BIOLOGIA | B56: BOTÂNICA | C56: 1 | D56: 4.5 | E56: 3.5 | F56: =D56*2 -> 9
A57: BIOLOGIA | B57: CONTROLE | C57: 1 | D57: 4.5 | E57: 3.5 | F57: =D57*2 -> 9
A58: BIOLOGIA | B58: MICROB. | C58: 1 | D58: 4.5 | E58: 3.5 | F58: =D58*2 -> 9
A59: BIOLOGIA | B59: LIMNOL. | C59: 2 | D59: 9 | E59: 3.5 | F59: =D59*2 -> 18 | J59: RODAPÉ
C60: =SUM(C13:C59) -> 15 | D60: =SUM(D7:D59) -> 319.6 | G60: ÁREA = | H60: =D60*3.5 -> 1118.6 | J60: =D60*2 -> 639.2 | K60: M
J61: 630
B62: DIVISÓRIA SANITÁRIA (WC)
B63: LOCAL | C63: porta 80x210 | D63: porta 70x210 | E63: Comp. (L) | F63: Alt (H)
A64: MATEMÁTICA | B64: WC_ALUNOS (F) | C64: 1 | D64: 3 | E64: =3+5.5+0.5+(1.2*3) -> 12.6 | F64: 1.9
B65: WC_ALUNOS (M) | C65: 1 | D65: 3 | E65: =3+5.5+0.5+(1.2*3) -> 12.6 | F65: 1.9
B66: WC_PROF | D66: 2 | E66: =4+2.5 -> 6.5 | F66: 1.9
A68: PÓS-GRAD. | B68: WC_ALUNOS (F) | C68: 1 | D68: 3 | E68: =3+5.5+0.5+(1.2*3) -> 12.6 | F68: 1.9
B69: WC_ALUNOS (M) | C69: 1 | D69: 3 | E69: =3+5.5+0.5+(1.2*3) -> 12.6 | F69: 1.9
B70: WC_PROF | D70: 2 | E70: =4+2.5 -> 6.5 | F70: 1.9
A72: GEOGRAFIA | B72: WC_ALUNOS (F) | C72: 1 | D72: 3 | E72: =3+5.5+0.5+(1.2*3) -> 12.6 | F72: 1.9
B73: WC_ALUNOS (M) | C73: 1 | D73: 3 | E73: =3+5.5+0.5+(1.2*3) -> 12.6 | F73: 1.9
B74: WC_PROF | D74: 2 | E74: =4+2.5 -> 6.5 | F74: 1.9
A76: BIOLOGIA | B76: WC_ALUNOS (F) | C76: 1 | D76: 3 | E76: =3+5.5+0.5+(1.2*3) -> 12.6 | F76: 1.9
A77: BIOLOGIA | B77: WC_ALUNOS (M) | C77: 1 | D77: 3 | E77: =3+5.5+0.5+(1.2*3) -> 12.6 | F77: 1.9
A78: BIOLOGIA | B78: WC_PROF | D78: 2 | E78: =4+2.5 -> 6.5 | F78: 1.9
E79: =SUM(E64:E78) -> 126.8 | G79: ÁREA = | H79: =E79*1.9 -> 240.92
C80: =SUM(C64:C77) -> 8 | D80: =SUM(D64:D78) -> 32
A86: COMP .2 | B86: M²
A87: divisória gesso acartonado | B87: PAREDE | C87: ISOL. | E87: PORTA COMPLETA( BATENTE , FECHADURA,DOBRADIÇA)
A88: JS FORROS E DIVISÓRIAS | B88: 78 | C88: 31.5 | D88: =SUM(B88:C88) -> 109.5 | E88: 430
A89: PLANEJE | B89: 78 | C89: 20 | D89: =SUM(B89:C89) -> 98 | E89: 380
A90: WR GESSO E DECORAÇÃO | D90: 105 | E90: 460
C91: SOMA | D91: =SUM(D88:D90) -> 312.5 | E91: =SUM(E88:E90) -> 1270
C92: MÉDIA | D92: =D91/3 -> 104.16667 | E92: =E91/3 -> 423.33333
E93: 423.35

Sheet BANCADAS
B3: BANCADAS
B4: COD. | C4: COMPR. | D4: LARGURA | E4: ALTURA | F4: ACESSÓRIOS | G4: QUANT. | H4: m²
J5: ALVENARIA | K5: =1.5*4 -> 6 | L5: 110 | M5: =L5*K5 -> 660
B6: BC1 | C6: 450 | D6: 100 | E6: 80 | G6: 3 | H6: =C6*D6*G6/10000 -> 13.5 | J6: CHAPISCO/EMBOÇO | K6: 12 | L6: 28.53 | M6: =L6*K6 -> 342.36
B7: BC2 | C7: 450 | D7: 80 | E7: 80 | F7: 1 CB 40x34x14 | G7: 15 | H7: =C7*D7*G7/10000 -> 54 | J7: TAMPO DE MÁRMORE | M7: =264.92*4 -> 1059.68 | O7: 11692 | P7: SINAP
B8: BC3 | C8: 600 | D8: 100 | E8: 80 | G8: 3 | H8: =C8*D8*G8/10000 -> 18 | M8: =SUM(M5:M7) -> 2062.04 | O8: 00011692 BANCADA/ BANCA EM MARMORE, POLIDO, BRANCO COMUM, E= *3* CM M2 CR 264,62
B9: BC4 | C9: 600 | D9: 120 | E9: 80 | F9: T: 127V/220V | G9: 3 | H9: =C9*D9*G9/10000 -> 21.6
H10: =C10*D10*G10/10000 -> 0
B11: BC5 | C11: 450 | D11: 100 | E11: 80 | F11: T: 127V/220V; LG | G11: 6 | H11: =C11*D11*G11/10000 -> 27
B12: BC6 | C12: 600 | D12: 80 | E12: 80 | G12: 3 | H12: =C12*D12*G12/10000 -> 14.4
H13: =C13*D13*G13/10000 -> 0
B14: BC7 | C14: 450 | D14: 80 | E14: 80 | G14: 6 | H14: =C14*D14*G14/10000 -> 21.6
B15: BC8 | C15: 300 | D15: 100 | E15: 80 | F15: T: 127V/220V; LG | G15: 4 | H15: =C15*D15*G15/10000 -> 12
B16: BC9 | C16: 280 | D16: 100 | E16: 80 | G16: 2 | H16: =C16*D16*G16/10000 -> 5.6
B17: BC10 | C17: 450 | D17: 100 | E17: 80 | F17: 2 CB 50X40X40 | G17: 1 | H17: =C17*D17*G17/10000 -> 4.5
B18: BC11 | C18: 450 | D18: 100 | E18: 80 | F18: 1 CB 40x34x14+1 CB 50X40X40 | G18: 3 | H18: =C18*D18*G18/10000 -> 13.5
B19: BC12 | C19: 750 | D19: 80 | E19: 80 | F19: 1 CB 40x34x14 | G19: 1 | H19: =C19*D19*G19/10000 -> 6
B20: BC13 | C20: 600 | D20: 80 | E20: 80 | F20: 1 CB 40x34x14+1 CB 50X40X40 | G20: 1 | H20: =C20*D20*G20/10000 -> 4.8
B21: BC14 | C21: 300 | D21: 80 | E21: 80 | G21: 3 | H21: =C21*D21*G21/10000 -> 7.2
B22: BC15 | C22: 750 | D22: 80 | E22: 80 | F22: 1 CB 40x34x14+1 CB 50X40X40 | G22: 1 | H22: =C22*D22*G22/10000 -> 6
B23: BC16 | C23: 150 | D23: 80 | E23: 80 | F23: 1 CB 40x34x14 | G23: 1 | H23: =C23*D23*G23/10000 -> 1.2
B24: BC17 | C24: 150 | D24: 60 | E24: 90 | G24: 1 | H24: =C24*D24*G24/10000 -> 0.9
B25: BC18 | C25: 300 | D25: 60 | E25: 90 | F25: 2 CB 40x34x14 | G25: 1 | H25: =C25*D25*G25/10000 -> 1.8
B26: BC19 | C26: 300 | D26: 80 | E26: 80 | F26: 1 CB 40x34x14 | H26: =C26*D26*G26/10000 -> 0
B27: BC20 | C27: 500 | D27: 80 | E27: 80 | G27: 4 | H27: =C27*D27*G27/10000 -> 16
H28: =SUM(H6:H27) -> 249.6 | I28: m² | J28: =SUM(G6:G28) -> 62 | K28: =J28*1200 -> 74400
B29: BC = BANCADA
B30: CB = CUBA INOX
B31: T = TOMADA ELÉTRICA
B32: LG = TOMADA LÓGICA
B34: BB | C34: BEBEDOURO DE ÁGUA, 127V | G34: 6
B35: BAP | C35: BARRA DE APOIO - D = 5cm, L= 60cm , METAL CROMADO | G35: 10
B36: BS | C36: BACIA SANITÁRIA | G36: 48
B37: CH | C37: CHUVEIRO ELÉTRICO 127V | G37: 10
B38: DGA | C38: DIVISÓRIA GESSO ACARTONADO C/ ISOL. ACÚST., H=3,50m
B39: DN | C39: DIVISÓRIA NAVAL, H=3,50m
B40: DS | C40: DIVISÓRIA SANITÁRIA, H=1,90m
B41: ED1 | C41: QUADRO DE EDITAL, 80X90cm | G41: 58
B42: QD | C42: QUADRO DE GIZ, VERDE QUADRICULADO, COM MOLDURA DE | G42: 29
C43: MADEIRA OU CANTONEIRA DE ALUMÍNIO
B44: LV1 | C44: LAVATÓRIO DE GRANITO, 1 CUBA | G44: 18
B45: LV2 | C45: LAVATÓRIO DE GRANITO, 2 CUBAS | G45: 10
B46: LO | C46: LAVA OLHO - APARELHO COM PIA E CHUVEIIRO | G46: 2
B47: PCZ | C47: PIA DE COZINHA, EM GRANITO, 120x55cm | G47: 4
B48: TB | C48: TABEIRA DE MADEIRA (15cm)
B50: PORTAS E JANELAS
C51: B | D51: H | F51: material | G51: QDE
B52: JF1 | C52: 250 | D52: 150 | F52: ferro | G52: 122 | H52: =2.5*1.5*122 -> 457.5
B53: JF2 | C53: 250 | D53: 50 | F53: ferro | G53: 114 | H53: =G53*2.5*0.5 -> 142.5
B54: JF3 | C54: 150 | D54: 100 | F54: ferro | G54: 7 | H54: =1.5*G54 -> 10.5
B55: JF4 | C55: 100 | D55: 100 | F55: ferro | G55: 7 | H55: =G55 -> 7
B56: JF5 | C56: 200 | D56: 100 | F56: ferro | G56: 13 | H56: =G56*2 -> 26
B58: PM1 | C58: 80 | D58: 210 | F58: madeira | G58: 67 | H58: =G58*2*0.8 -> 107.2
B59: PN1 | C59: 80 | D59: 210 | F59: NAVAL | G59: 11
B60: PA1 | C60: 150 | D60: 210 | E60: 2 FOLHAS | F60: VENEZIANA ALUMÍNIO/VIDRO | G60: 1 | H60: =D60*C60/10000 -> 3.15
B61: PA2 | C61: 200 | D61: 310 | E61: 2 FOLHAS | F61: VENEZIANA ALUMÍNIO | G61: 1 | H61: =C61*D61/10000 -> 6.2
B62: PA3 | C62: 150 | D62: 310 | E62: 2 FOLHAS | F62: VENEZIANA ALUMÍNIO/VIDRO | G62: 12 | H62: =G62*1.5*3.1 -> 55.8 | I62: =SUM(H52:H62) -> 815.85
B63: PS1 | C63: 80 | D63: 180 | F63: DIVISÓRIA SANITÁRIA | G63: 10
B64: PS2 | C64: 70 | D64: 180 | F64: DIVISÓRIA SANITÁRIA | G64: 38

Sheet COMP 3 quadro giz_divisoria
B4: comp 4
B5: Quadro Verde Quadriculado Tam. 400x120 cmLaminado Melamínico texturizado, verde, quadriculado (5x5cm) sobre chapa de MDF - Moldura em alumínio - suporte de Apagador ao longo de toda extensão do quadro.
B8: LousaTec | C8: 960
B9: Corti Arte | C9: 854.63
B10: Board Solutions | C10: 810
C11: =SUM(C8:C10) -> 2624.63
B12: média = | C12: =C11/3 -> 874.88
B15: COMP .2 | C15: M²
B16: divisória gesso acartonado | C16: PAREDE | D16: ISOL. | F16: PORTA COMPLETA( BATENTE , FECHADURA,DOBRADIÇA)
B17: JS FORROS E DIVISÓRIAS | C17: 78 | D17: 31.5 | E17: =SUM(C17:D17) -> 109.5 | F17: 430
B18: PLANEJE | C18: 78 | D18: 20 | E18: =SUM(C18:D18) -> 98 | F18: 380
B19: WR GESSO E DECORAÇÃO | E19: 105 | F19: 460
D20: SOMA | E20: =SUM(E17:E19) -> 312.5 | F20: =SUM(F17:F19) -> 1270
D21: MÉDIA | E21: =E20/3 -> 104.16667 | F21: =F20/3 -> 423.33333
F22: 423.35

Sheet COMP4_PASSARELA
C2: COMP.4
C3: COMPOSIÇÃO DE PREÇOS PARA UM MÓDULO DE 2,0X2,5M, ALTURA 2,2M
C4: PÉ DIREITO [tubo redondo 2mm Ø 50mm] | D4: M | E4: PESO(KG) | F4: peso | G4: R$/kg | H4: R$-ítem
B5: 92593 | C5: (COMPOSIÇÃO REPRESENTATIVA) FABRICAÇÃO E INSTALAÇÃO DE TESOURA INTEIRA EM AÇO, PARA VÃOS DE 3 A 12 M E PARA QUALQUER TIPO DE TELHA, INCLUSO IÇAMENTO. AF_12/2015 | D5: 7.5 | E5: 2.41 | F5: =E5*D5 -> 18.08 | G5: 7 | H5: =G5*F5 -> 126.56
C7: ARCO [tubo retangular [60x60X2MM] | D7: M | E7: PESO(KG) | F7: peso | G7: R$/kg | H7: R$-ítem
B8: 92593 | C8: (COMPOSIÇÃO REPRESENTATIVA) FABRICAÇÃO E INSTALAÇÃO DE TESOURA INTEIRA EM AÇO, PARA VÃOS DE 3 A 12 M E PARA QUALQUER TIPO DE TELHA, INCLUSO IÇAMENTO. AF_12/2015 | D8: 7.5 | E8: =16.4/6 -> 2.73 | F8: =E8*D8 -> 20.48 | G8: =G5 -> 7 | H8: =G8*F8 -> 143.36
C10: COBERTURA EM TELHA DE AÇO GALVANIZADO GALVALUME
D11: M² | G11: R$/m²
B12: 94213 | C12: TELHAMENTO COM TELHA DE AÇO/ALUMÍNIO E = 0,5 MM, COM ATÉ 2 ÁGUAS, INCLUSO IÇAMENTO | D12: 5 | G12: 35.15 | H12: =G12*D12 -> 175.75
D14: Preço de um módulo de 2,5x5,0m | G14: = | H14: =SUM(H5:H12) -> 445.67
D15: Preço médio por m² sem BDI | G15: = | H15: =H14/5 -> 89.13
D16: Preço médio por m² com BDI de 30% | G16: = | H16: =H15*1.3 -> 115.87
D18: Preço médio por m² com arredondamento = | H18: 120
C20: REFERÊNCIA: SINAP - SEIL/PRED 002/2017

Sheet ELETRICA_LOG_TEL
I2: SOMAS
B3: Lista de materiais ELETRICO MAT POS | E3: Lista de materiais ELETRICO BIOLOGIA_GEOGRAFIA | I3: Lista de materiais ELETRICO BIOLOGIA_GEOGRAFIA _MATEMÁTICA_PÓS-GRADUAÇÃO
B5: Elétrica - Acessórios p/ eletrodutos | E5: Elétrica - Acessórios p/ eletrodutos | I5: Elétrica - Acessórios p/ eletrodutos
B7: Caixa | E7: Caixa | I7: Caixa
B8: 4x2" | C8: 3 | D8: pç | E8: 4x2" | F8: 104 | G8: pç | I8: 4x2" | J8: =IF(F8="","-",F8+C8) -> 107 | K8: pç
J9: =IF(F9="","-",F9+C9) -> -
E10: Curva 90º PVC longa rosca | I10: Curva 90º PVC longa rosca | J10: =IF(F10="","-",F10+C10) -> -
E11: 1.1/2" | F11: 2 | G11: pç | I11: 1.1/2" | J11: =IF(F11="","-",F11+C11) -> 2 | K11: pç
E12: Luva PVC rosca | I12: Luva PVC rosca | J12: =IF(F12="","-",F12+C12) -> -
E13: 1.1/2" | F13: 5 | G13: pç | I13: 1.1/2" | J13: =IF(F13="","-",F13+C13) -> 5 | K13: pç
B14: Luva aço galvan. leve | E14: Luva aço galvan. leve | I14: Luva aço galvan. leve | J14: =IF(F14="","-",F14+C14) -> -
B15: 1" | C15: 330 | D15: pç | E15: 1" | F15: 270 | I15: 1" | J15: =IF(F15="","-",F15+C15) -> 600
B16: 1.1/2" | C16: 2 | D16: pç | E16: 1.1/2" | F16: 75 | G16: pç | I16: 1.1/2" | J16: =IF(F16="","-",F16+C16) -> 77 | K16: pç
E17: Luva aço galvan. pesado | I17: Luva aço galvan. pesado | J17: =IF(F17="","-",F17+C17) -> -
E18: 1.1/2" | F18: 4 | G18: pç | I18: 1.1/2" | J18: =IF(F18="","-",F18+C18) -> 4 | K18: pç
J19: =IF(F19="","-",F19+C19) -> -
B20: Elétrica - Cabo Unipolar (cobre) | E20: Elétrica - Cabo Unipolar (cobre) | I20: Elétrica - Cabo Unipolar (cobre) | J20: =IF(F20="","-",F20+C20) -> -
B21: Isol.HEPR - ench.EVA - 0,6/1kV (ref. Pirelli Afumex) | E21: Isol.HEPR - ench.EVA - 0,6/1kV (ref. Pirelli Afumex) | I21: Isol.HEPR - ench.EVA - 0,6/1kV (ref. Pirelli Afumex) | J21: =IF(F21="","-",F21+C21) -> -
B22: 1.5 mm² | C22: 2200 | D22: m | E22: 1.5 mm² | F22: 1660 | G22: m | I22: 1.5 mm² | J22: =IF(F22="","-",F22+C22) -> 3860 | K22: m | L22: 1.5 mm² | M22: =[1]Plan1!$J$29 -> 3860 | N22: m
B23: 10 mm² | C23: 1800 | D23: m | E23: 10 mm² | F23: 4030 | G23: m | I23: 10 mm² | J23: =IF(F23="","-",F23+C23) -> 5830 | K23: m | L23: 10 mm² | M23: =[1]Plan1!$J$30 -> 5830 | N23: m
B24: 16 mm² | C24: 750 | D24: m | E24: 16 mm² | F24: 1670 | G24: m | I24: 16 mm² | J24: =IF(F24="","-",F24+C24) -> 2420 | K24: m | L24: 16 mm² | M24: =[1]Plan1!$J$31 -> 2420 | N24: m
B25: 2.5 mm² | C25: 5060 | D25: m | E25: 2.5 mm² | F25: 6750 | G25: m | I25: 2.5 mm² | J25: =IF(F25="","-",F25+C25) -> 11810 | K25: m | L25: 2.5 mm² | M25: =[1]Plan1!$J$32 -> 11810 | N25: m
B26: 25 mm² | C26: 1380 | D26: m | E26: 25 mm² | F26: 965 | G26: m | I26: 25 mm² | J26: =IF(F26="","-",F26+C26) -> 2345 | K26: m | L26: 25 mm² | M26: =[1]Plan1!$J$33 -> 2345 | N26: m
B27: 4 mm² | C27: 1720 | D27: m | E27: 4 mm² | F27: 2030 | G27: m | I27: 4 mm² | J27: =IF(F27="","-",F27+C27) -> 3750 | K27: m | L27: 4 mm² | M27: =[1]Plan1!$J$34 -> 3750 | N27: m
B28: 6 mm² | C28: 780 | D28: m | E28: 6 mm² | F28: 870 | G28: m | I28: 6 mm² | J28: =IF(F28="","-",F28+C28) -> 1650 | K28: m | L28: 6 mm² | M28: =[1]Plan1!$J$35 -> 1650 | N28: m
B29: Elétrica - Caixa de passagem - embutir | E29: Elétrica - Caixa de passagem - embutir | I29: Elétrica - Caixa de passagem - embutir | J29: =IF(F29="","-",F29+C29) -> -
E30: Alvenaria | I30: Alvenaria | J30: =IF(F30="","-",F30+C30) -> -
B31: 400x400x400mm | C31: 20 | D31: pç | E31: 400x400x400mm | F31: 8 | G31: pç | I31: 400x400x400mm | J31: =IF(F31="","-",F31+C31) -> 28 | K31: pç
B32: Tampa 400x400x50mm | C32: 20 | D32: pç | E32: Tampa 400x400x50mm | F32: 8 | G32: pç | I32: Tampa 400x400x50mm | J32: =IF(F32="","-",F32+C32) -> 28 | K32: pç
J33: =IF(F33="","-",F33+C33) -> -
J34: =IF(F34="","-",F34+C34) -> -
E35: Elétrica - Caixa de passagem - sobrepor | I35: Elétrica - Caixa de passagem - sobrepor | J35: =IF(F35="","-",F35+C35) -> -
E36: Aço pintada (ref Brum) | I36: Aço pintada (ref Brum) | J36: =IF(F36="","-",F36+C36) -> -
B37: Aço pintada (ref Brum) | E37: 150x150x80 mm | F37: 24 | G37: pç | I37: 150x150x80 mm | J37: =IF(F37="","-",F37+C37) -> 24 | K37: pç
B38: 200x200x100 mm | C38: 54 | D38: pç | E38: 200x200x100 mm | F38: 10 | G38: pç | I38: 200x200x100 mm | J38: =IF(F38="","-",F38+C38) -> 64 | K38: pç
E39: Aço pintada (ref Lukbox) | I39: Aço pintada (ref Lukbox) | J39: =IF(F39="","-",F39+C39) -> -
E40: 150x150x80 mm | F40: 10 | G40: pç | I40: 150x150x80 mm | J40: =IF(F40="","-",F40+C40) -> 10 | K40: pç
E41: 200x200x100 mm | F41: 15 | G41: pç | I41: 200x200x100 mm | J41: =IF(F41="","-",F41+C41) -> 15 | K41: pç
E42: PVC (ref Cemar) | I42: PVC (ref Cemar) | J42: =IF(F42="","-",F42+C42) -> -
E43: 150x150x68 mm | F43: 10 | G43: pç | I43: 150x150x68 mm | J43: =IF(F43="","-",F43+C43) -> 10 | K43: pç
J44: =IF(F44="","-",F44+C44) -> -
B45: Elétrica - Dispositivo Elétrico - sobrepor | E45: Elétrica - Dispositivo Elétrico - sobrepor | I45: Elétrica - Dispositivo Elétrico - sobrepor | J45: =IF(F45="","-",F45+C45) -> -
B46: Conjunto tomada (2P+T) & disjuntor (3 a 5xIn) | E46: Conjunto tomada (2P+T) & disjuntor (5 a 10xIn) | I46: Conjunto tomada (2P+T) & disjuntor (5 a 10xIn) | J46: =IF(F46="","-",F46+C46) -> -
B47: Disj. unipolar 16 A | C47: 20 | D47: pç | E47: Disj. bipolar 16 A | F47: 12 | G47: pç | I47: Disj. bipolar 16 A | J47: =IF(F47="","-",F47+C47) -> 32 | K47: pç
B48: Conjunto tomada NEMA 3P & disjuntor (3 a 5xIn) | E48: Conjunto tomada NEMA 3P & disjuntor (3 a 5xIn) | I48: Conjunto tomada NEMA 3P & disjuntor (3 a 5xIn) | J48: =IF(F48="","-",F48+C48) -> -
E49: Disj. bipolar 20 A | F49: 29 | G49: pç | I49: Disj. bipolar 20 A | J49: =IF(F49="","-",F49+C49) -> 29 | K49: pç
B50: Disj. bipolar 25 A | C50: 5 | D50: pç | E50: Disj. bipolar 25 A | F50: 0 | I50: Disj. bipolar 25 A | J50: =IF(F50="","-",F50+C50) -> 5
B51: Condulete alum. encaixe tipo C | C51: 71 | D51: pç | E51: Condulete alum. encaixe tipo C | F51: 108 | G51: pç | I51: Condulete alum. encaixe tipo C | J51: =IF(F51="","-",F51+C51) -> 179 | K51: pç
B52: Interruptor 1 tecla simples | C52: 71 | D52: pç | E52: interruptor 1 tecla simples | F52: 108 | G52: pç | I52: interruptor 1 tecla simples | J52: =IF(F52="","-",F52+C52) -> 179 | K52: pç
J53: =IF(F53="","-",F53+C53) -> -
B54: Condulete alum. encaixe tipo C | C54: 388 | D54: pç | E54: Condulete alum. encaixe tipo C | F54: 969 | G54: pç | I54: Condulete alum. encaixe tipo C | J54: =IF(F54="","-",F54+C54) -> 1357 | K54: pç
B55: Tomada hexagonal (NBR 14136) 2P+T 10A | C55: 388 | D55: pç | E55: Tomada hexagonal (NBR 14136) 2P+T 10A | F55: 969 | G55: pç | I55: Tomada hexagonal (NBR 14136) 2P+T 10A | J55: =IF(F55="","-",F55+C55) -> 1357 | K55: pç
J56: =IF(F56="","-",F56+C56) -> -
B57: Condulete alum. encaixe tipo C | C57: 4 | D57: pç | E57: Condulete alum. encaixe tipo C | F57: 21 | G57: pç | I57: Condulete alum. encaixe tipo C | J57: =IF(F57="","-",F57+C57) -> 25 | K57: pç
B58: Tomada hexagonal (NBR 14136) 2P+T 20A | C58: 4 | D58: pç | E58: Tomada hexagonal (NBR 14136) 2P+T 20A | F58: 21 | G58: pç | I58: Tomada hexagonal (NBR 14136) 2P+T 20A | J58: =IF(F58="","-",F58+C58) -> 25 | K58: pç
J59: =IF(F59="","-",F59+C59) -> -
B60: Elétrica - Dispositivo de Proteção | E60: Elétrica - Dispositivo de Proteção | I60: Elétrica - Dispositivo de Proteção | J60: =IF(F60="","-",F60+C60) -> -
B61: Disjuntor Unipolar Termomagnético - norma DIN | E61: Disjuntor Unipolar Termomagnético - norma DIN | I61: Disjuntor Unipolar Termomagnético - norma DIN | J61: =IF(F61="","-",F61+C61) -> -
B62: 10 A | C62: 40 | D62: pç | E62: 10 A | F62: 22 | G62: pç | I62: 10 A | J62: =IF(F62="","-",F62+C62) -> 62 | K62: pç
B63: 13 A | C63: 5 | D63: pç | E63: 13 A | F63: 5 | G63: pç | I63: 13 A | J63: =IF(F63="","-",F63+C63) -> 10 | K63: pç
B64: 16 A | C64: 11 | D64: pç | E64: 16 A | F64: 7 | G64: pç | I64: 16 A | J64: =IF(F64="","-",F64+C64) -> 18 | K64: pç
B65: 20 A | C65: 4 | D65: pç | E65: 20 A | F65: 12 | G65: pç | I65: 20 A | J65: =IF(F65="","-",F65+C65) -> 16 | K65: pç
E66: 25 A | F66: 2 | G66: pç | I66: 25 A | J66: =IF(F66="","-",F66+C66) -> 2 | K66: pç
B67: 32 A | C67: 7 | D67: pç | E67: 32 A | F67: 4 | G67: pç | I67: 32 A | J67: =IF(F67="","-",F67+C67) -> 11 | K67: pç
E68: 40 A | F68: 4 | G68: pç | I68: 40 A | J68: =IF(F68="","-",F68+C68) -> 4 | K68: pç
B69: 45 A | C69: 1 | D69: pç | E69: 45 A | F69: 2 | G69: pç | I69: 45 A | J69: =IF(F69="","-",F69+C69) -> 3 | K69: pç
E70: 50 A | F70: 4 | G70: pç | I70: 50 A | J70: =IF(F70="","-",F70+C70) -> 4 | K70: pç
E71: 70 A | F71: 2 | G71: pç | I71: 70 A | J71: =IF(F71="","-",F71+C71) -> 2 | K71: pç
J72: =IF(F72="","-",F72+C72) -> -
B73: Elétrica - Eletroduto PVC flexível | E73: Elétrica - Eletroduto PVC flexível | I73: Elétrica - Eletroduto PVC flexível | J73: =IF(F73="","-",F73+C73) -> -
B74: Eletroduto leve | E74: Eletroduto leve | I74: Eletroduto leve | J74: =IF(F74="","-",F74+C74) -> -
B75: 1" | C75: 230 | D75: m | E75: 1" | F75: 460 | G75: m | I75: 1" | J75: =IF(F75="","-",F75+C75) -> 690 | K75: m
B76: 3/4" | C76: 780 | D76: m | E76: 3/4" | F76: 1200 | G76: m | I76: 3/4" | J76: =IF(F76="","-",F76+C76) -> 1980 | K76: m
B77: Eletroduto pesado | E77: Eletroduto pesado | I77: Eletroduto pesado | J77: =IF(F77="","-",F77+C77) -> -
B78: 1.1/2" | C78: 20 | D78: m | E78: 1.1/2" | F78: 6 | G78: m | I78: 1.1/2" | J78: =IF(F78="","-",F78+C78) -> 26 | K78: m
B79: 2" | C79: 6 | D79: m | E79: 2" | F79: 24 | G79: m | I79: 2" | J79: =IF(F79="","-",F79+C79) -> 30 | K79: m
B80: 3" | C80: 235 | D80: m | E80: 3" | F80: 175 | G80: m | I80: 3" | J80: =IF(F80="","-",F80+C80) -> 410 | K80: m
J81: =IF(F81="","-",F81+C81) -> -
B82: Elétrica - Eletroduto metálico rígido leve | E82: Elétrica - Eletroduto metálico rígido leve | I82: Elétrica - Eletroduto metálico rígido leve | J82: =IF(F82="","-",F82+C82) -> -
B83: Braçadeira galvan. tipo cunha | E83: Braçadeira galvan. tipo cunha | I83: Braçadeira galvan. tipo cunha | J83: =IF(F83="","-",F83+C83) -> -
B84: 1" | C84: 70 | D84: pç | E84: 1" | F84: 85 | G84: pç | I84: 1" | J84: =IF(F84="","-",F84+C84) -> 155 | K84: pç
E85: 1.1/2" | F85: 267 | G85: pç | I85: 1.1/2" | J85: =IF(F85="","-",F85+C85) -> 267 | K85: pç
B86: 2" | C86: 435 | D86: pç | E86: 2" | F86: 12 | G86: pç | I86: 2" | J86: =IF(F86="","-",F86+C86) -> 447 | K86: pç
B87: 3/4" | C87: 1250 | D87: pç | E87: 3/4" | F87: 1830 | G87: pç | I87: 3/4" | J87: =IF(F87="","-",F87+C87) -> 3080 | K87: pç
J88: =IF(F88="","-",F88+C88) -> -
B89: Eletroduto galvanizado, vara 3,0m | E89: Eletroduto galvanizado, vara 3,0m | I89: Eletroduto galvanizado, vara 3,0m | J89: =IF(F89="","-",F89+C89) -> -
B90: 1" | C90: 80 | D90: M | E90: 1" | F90: 116 | G90: M | I90: 1" | J90: =IF(F90="","-",F90+C90) -> 196 | K90: M
E91: 1.1/2" | F91: 300 | G91: M | I91: 1.1/2" | J91: =IF(F91="","-",F91+C91) -> 300 | K91: M
B92: 2" | C92: 460 | D92: M | E92: 2" | F92: 13 | G92: M | I92: 2" | J92: =IF(F92="","-",F92+C92) -> 473 | K92: M
B93: 3/4" | C93: 1680 | D93: M | E93: 3/4" | F93: 2435 | G93: M | I93: 3/4" | J93: =IF(F93="","-",F93+C93) -> 4115 | K93: M
J94: =IF(F94="","-",F94+C94) -> -
B95: Elétrica - Luminária e acessórios | E95: Elétrica - Luminária e acessórios | I95: Elétrica - Luminária e acessórios | J95: =IF(F95="","-",F95+C95) -> -
B96: Luminária Led | E96: Luminária Led | I96: Luminária Led | J96: =IF(F96="","-",F96+C96) -> -
B97: TD 51 2x18W | C97: 422 | D97: pç | E97: TD 51 2x18W | F97: 591 | G97: pç | I97: TD 51 2x18W | J97: =IF(F97="","-",F97+C97) -> 1013 | K97: pç
B98: Soquete | E98: Soquete | I98: Soquete | J98: =IF(F98="","-",F98+C98) -> -
B99: base G 13 | C99: 422 | D99: pç | E99: base G 13 | F99: 591 | G99: pç | I99: base G 13 | J99: =IF(F99="","-",F99+C99) -> 1013 | K99: pç
B100: Elétrica - Lâmpadas Led | E100: Elétrica - Lâmpadas Led | I100: Elétrica - Lâmpadas Led | J100: =IF(F100="","-",F100+C100) -> -
B101: Tubular Led | E101: Tubular Led | I101: Tubular Led | J101: =IF(F101="","-",F101+C101) -> -
B102: 18W | C102: 422 | D102: pç | E102: 18W | F102: 591 | G102: pç | I102: 18W | J102: =IF(F102="","-",F102+C102) -> 1013 | K102: pç
B103: Elétrica - Material p/ entrada serviço | E103: Elétrica - Material p/ entrada serviço | I103: Elétrica - Material p/ entrada serviço | J103: =IF(F103="","-",F103+C103) -> -
...

Sheet REVISÕES 
B2: PAREDES DE ALVENARIA (+) | F2: PAREDE 20 | G2: PAREDE 15 | J2: PAREDES DE ALVENARIA (-) | P2: ELETRICO
B3: 122 | C3: =-2-4-2-2 -> -10 | D3: =B3+C3 -> 112 | E3: 3.2 | F3: =E3*D3 -> 358.4 | J3: JANELAS
B4: 122 | C4: =-2-4-2-2 -> -10 | D4: =B4+C4 -> 112 | E4: 3.2 | F4: =E4*D4 -> 358.4 | J4: JF1 | K4: 2.5 | L4: 1.5 | M4: 122 | N4: =M4*L4*K4 -> 457.5
B5: 122 | C5: =-2-4-2-2 -> -10 | D5: =B5+C5 -> 112 | E5: 3.2 | F5: =E5*D5 -> 358.4 | J5: JF2 | K5: 2.5 | L5: 0.5 | M5: 114 | N5: =M5*L5*K5 -> 142.5
B6: 122 | C6: =-2-4-2-2 -> -10 | D6: =B6+C6 -> 112 | E6: 3.2 | F6: =E6*D6 -> 358.4 | J6: JF3 | K6: 1.5 | L6: 1 | M6: 7 | N6: =M6*L6*K6 -> 10.5
C7: 15 | D7: 8 | E7: 3.2 | G7: =E7*D7*C7 -> 384 | J7: JF4 | K7: 1 | L7: 1 | M7: 7 | N7: =M7*L7*K7 -> 7
C8: 9 | D8: 8 | E8: 3.2 | G8: =E8*D8*C8 -> 230.4 | J8: JF5 | K8: 2 | L8: 1 | M8: 13 | N8: =M8*L8*K8 -> 26
B11: 185 | C11: -16 | D11: =B11-C11 -> 201 | E11: 3.2 | F11: =E11*D11 -> 643.2 | J11: PORTAS
B12: 185 | C12: -16 | D12: =B12-C12 -> 201 | E12: 3.2 | F12: =E12*D12 -> 643.2 | J12: PM1 | K12: 0.8 | L12: 2.1 | M12: 67 | N12: =M12*L12*K12 -> 112.56
B13: 185 | C13: -16 | D13: =B13-C13 -> 201 | E13: 3.2 | F13: =E13*D13 -> 643.2 | J13: PA1 | K13: 1.5 | L13: 2.1 | M13: 1 | N13: =M13*L13*K13 -> 3.15
B14: 185 | C14: -16 | D14: =B14-C14 -> 201 | E14: 3.2 | F14: =E14*D14 -> 643.2 | J14: PA2 | K14: 2 | L14: 3.1 | M14: 1 | N14: =M14*L14*K14 -> 6.2
C15: 17 | D15: 8 | E15: 3.2 | G15: =E15*D15*C15 -> 435.2 | J15: PA3 | K15: 1.5 | L15: 3.1 | M15: 12 | N15: =M15*L15*K15 -> 55.8
C16: 16 | D16: 8 | E16: 3.2 | G16: =E16*D16*C16 -> 409.6
N18: =SUM(N4:N15) -> 821.21
B19: PAREDES DE ALVENARIA (+) | E19: RESERVATÓRIOS
B20: RESERV. MATEMATICA = 7,5*6,5
B21: RESERV BIOLOGIA = 7,5*4
C22: 2 | D22: 6.5 | E22: 3.5 | F22: =E22*D22*C22 -> 45.5
C23: 2 | D23: 7.5 | E23: 3.5 | F23: =E23*D23*C23 -> 52.5
C25: 2 | D25: 4 | E25: 3.5 | F25: =E25*D25*C25 -> 28
C26: 2 | D26: 7.5 | E26: 3.5 | F26: =E26*D26*C26 -> 52.5
B33: SOMAS | F33: =SUM(F3:F26) -> 4184.9 | G33: =SUM(G3:G26) -> 1459.2
B34: PAREDE 20 + PAREDE 15 | G34: =F33+G33 -> 5644.1
B35: DESCONTO JANELAS/PORTAS | G35: =821.21*(-1) -> -821.21
B36: AREA REAL DE ALVENARIA | G36: =G34+G35 -> 4822.89 | I36: =F33+G35 -> 3363.69
B38: CHAPISCO/EMBOÇO( PAREDES) | G38: =G36*2 -> 9645.78
B39: CHAPISCO/EMBOÇO( LAJES) | G39: 160
B40: CHAPISCO/EMBOÇO(TOTAL) | G40: =SUM(G38:G39) -> 9805.78
F41: CHAPISCO/EMBOÇO(TOTAL) | G41: 9805.78
